Workbook

Sheet ORÇAMENTO
A1: SOLICITANTE: | C1: PREFEITURA MUNICIPAL DE IRAÍ | F1: ENCARGOS SOCIAIS: | H1: Desonerado | K1: BDI 1 PADRÃO SERVIÇOS: | M1: 0.2511
A2: PROCESSO: | C2: 25/2301-0001491-8 | F2: SINAPI - HORISTA: | H2: 0.9022 | K2: BDI 2 DIFERENCIADO: | M2: 0.2328
A3: OBRA: | C3: Reforma da Orla do Rio do Mel | F3: SINAPI - MENSALISTA: | H3: 0.5186 | K3: DATA ORÇAMENTO: | M3: 46105
A4: ENDEREÇO: | C4: Av. Gen. Flores da Cunha, Centro, Iraí/RS | F4: ESTADO - HORISTA: | H4: =H2 -> 0.9022 | K4: DATA BASE: | M4: setembro de 2025
A5: ASSUNTO: | C5: ORÇAMENTO GERAL DA OBRA | F5: ESTADO - MENSALISTA: | H5: =H3 -> 0.5186 | K5: PRAZO DA OBRA (MÊS): | M5: 12
A6: RESPONSÁVEL TÉCNICO: | C6: GUILHERME AUGUSTO ZYSKO | F6: MODALIDADE: | H6: Adm direta | K6: TOTAL GERAL: | M6: =K650 -> 4787087
A8: Item | B8: Fonte | C8: Código | D8: Data de Referência | E8: Descrição | F8: Unidade | G8: Quantidade | H8: Custo Unitário (sem BDI) (R$) | I8: BDI | J8: Preço Unitário (com BDI) (R$) | K8: Preço Total (R$) | L8: Pr. Unit. Material (R$) | M8: Pr. Unit. Mão de Obra (R$)
A9: 1 | E9: SERVIÇOS PRELIMINARES | K9: =SUM(K10:K13) -> 8817.1022
A10: 1.1 | B10: SINAPI | C10: 103689 | D10: 45901 | E10: FORNECIMENTO E INSTALAÇÃO DE PLACA DE OBRA COM CHAPA GALVANIZADA E ESTRUTURA DE MADEIRA. AF_03/2022_PS | F10: M2 | G10: 6 | H10: 458.73 | I10: 1 | J10: =IF(I10=1,(H10*(1+$M$1)),(H10*(1+$M$2))) -> 573.9171 | K10: =J10*G10 -> 3443.5026 | L10: =J10-M10 -> 522.20717 | M10: =VLOOKUP(C10,'% MDO'!$B:$E,4,FALSE)*J10 -> 51.709931
A11: 1.2 | B11: SINAPI | C11: 97665 | D11: =D10 -> 45901 | E11: REMOÇÃO DE LUMINÁRIAS, DE FORMA MANUAL, SEM REAPROVEITAMENTO. AF_09/2023 | F11: UND | G11: 54 | H11: 1.87 | I11: 1 | J11: =IF(I11=1,(H11*(1+$M$1)),(H11*(1+$M$2))) -> 2.339557 | K11: =J11*G11 -> 126.33608 | L11: =J11-M11 -> 0 | M11: =VLOOKUP(C11,'% MDO'!$B:$E,4,FALSE)*J11 -> 2.339557
A12: 1.3 | B12: SINAPI | C12: 104793 | D12: =$D$10 -> 45901 | E12: REMOÇÃO DE CABOS ELÉTRICOS, COM SEÇÃO MAIOR QUE 2,5 MM² E MENOR QUE 10 MM², DE FORMA MANUAL, SEM REAPROVEITAMENTO. AF_09/2023 | F12: m | G12: =516*3 -> 1548 | H12: 0.56 | I12: 1 | J12: =IF(I12=1,(H12*(1+$M$1)),(H12*(1+$M$2))) -> 0.700616 | K12: =J12*G12 -> 1084.5536 | L12: =J12-M12 -> 0 | M12: =VLOOKUP(C12,'% MDO'!$B:$E,4,FALSE)*J12 -> 0.700616
A13: 1.4 | B13: COMPOSIÇÃO | C13: COMP-9 | D13: =$D$10 -> 45901 | E13: =COMPOSIÇÕES!C66 -> REMOÇÃO DE BANCO PRÉ-FABRICADO DE CONCRETO COM ENCOSTO, SOBRE PISO DE CONCRETO EXISTENTE | F13: UND | G13: 17 | H13: =COMPOSIÇÕES!G66 -> 195.72 | I13: 1 | J13: =IF(I13=1,(H13*(1+$M$1)),(H13*(1+$M$2))) -> 244.86529 | K13: =J13*G13 -> 4162.71 | L13: =J13-M13 -> 0.64186059 | M13: =VLOOKUP(E13,COMPOSIÇÕES!$C:$J,8,FALSE)*J13 -> 244.22343
A14: 2 | E14: ADMINISTRAÇÃO LOCAL | K14: =SUM(K15:K20) -> 199412.1
A15: 2.1 | B15: SINAPI | C15: 90777 | D15: =$D$10 -> 45901 | E15: ENGENHEIRO CIVIL DE OBRA JUNIOR COM ENCARGOS COMPLEMENTARES | F15: H | G15: =3*5*4*12 -> 720 | H15: 115.49 | I15: 1 | J15: =IF(I15=1,(H15*(1+$M$1)),(H15*(1+$M$2))) -> 144.48954 | K15: =J15*G15 -> 104032.47 | L15: =J15-M15 -> 0 | M15: =VLOOKUP(C15,'% MDO'!$B:$E,4,FALSE)*J15 -> 144.48954
A16: 2.2 | B16: SINAPI | C16: 90780 | D16: =$D$10 -> 45901 | E16: MESTRE DE OBRAS COM ENCARGOS COMPLEMENTARES | F16: H | G16: =40*12 -> 480 | H16: 111.49 | I16: 1 | J16: =IF(I16=1,(H16*(1+$M$1)),(H16*(1+$M$2))) -> 139.48514 | K16: =J16*G16 -> 66952.867 | L16: =J16-M16 -> 0 | M16: =VLOOKUP(C16,'% MDO'!$B:$E,4,FALSE)*J16 -> 139.48514
A17: 2.3 | B17: SINAPI | C17: 90781 | D17: =$D$10 -> 45901 | E17: TOPOGRAFO COM ENCARGOS COMPLEMENTARES | F17: H | G17: =40*4 -> 160 | H17: 40.53 | I17: 1 | J17: =IF(I17=1,(H17*(1+$M$1)),(H17*(1+$M$2))) -> 50.707083 | K17: =J17*G17 -> 8113.1333 | L17: =J17-M17 -> 0 | M17: =VLOOKUP(C17,'% MDO'!$B:$E,4,FALSE)*J17 -> 50.707083
A18: 2.4 | B18: SINAPI | C18: 10776 | D18: =$D$10 -> 45901 | E18: LOCACAO DE CONTAINER 2,30 X 6,00 M, ALT. 2,50 M, PARA ESCRITORIO, SEM DIVISORIAS INTERNAS E SEM SANITARIO (NAO INCLUI MOBILIZACAO/DESMOBILIZACAO) | F18: MÊS | G18: 12 | H18: 859.37 | I18: 1 | J18: =IF(I18=1,(H18*(1+$M$1)),(H18*(1+$M$2))) -> 1075.1578 | K18: =J18*G18 -> 12901.894 | L18: =J18-M18 -> 1075.1578 | M18: 0
A19: 2.5 | B19: COMPOSIÇÃO | C19: COMP-30 | D19: =$D$10 -> 45901 | E19: MOBILIZAÇÃO E DESMOBILIZAÇÃO DE OBRA | F19: UND | G19: 1 | H19: =COMPOSIÇÕES!G225 -> 5566.1 | I19: 1 | J19: =IF(I19=1,(H19*(1+$M$1)),(H19*(1+$M$2))) -> 6963.7477 | K19: =J19*G19 -> 6963.7477 | L19: =J19-M19 -> 5867.9295 | M19: =VLOOKUP(E19,COMPOSIÇÕES!$C:$J,8,FALSE)*J19 -> 1095.8182
A20: 2.6 | B20: COMPOSIÇÃO | C20: COMP-31 | D20: =$D$10 -> 45901 | E20: MOBILIZAÇÃO E DESMOBILIZAÇÃO DE CONTAINER PARA ESCRITÓRIO | F20: UND | G20: 1 | H20: =COMPOSIÇÕES!G231 -> 358.076 | I20: 1 | J20: =IF(I20=1,(H20*(1+$M$1)),(H20*(1+$M$2))) -> 447.98888 | K20: =J20*G20 -> 447.98888 | L20: =J20-M20 -> 392.13402 | M20: =VLOOKUP(E20,COMPOSIÇÕES!$C:$J,8,FALSE)*J20 -> 55.854867
A21: 3 | E21: FUNDAÇÕES | K21: =K22+K35+K41+K47+K59+K74+K79+K92+K101+K112+K127+K139+K143 -> 688931.85
A22: 3.1 | E22: Muro de Contenção dos 3 Mirantes | K22: =SUM(K23:K34) -> 155457.01
A23: 3.1.1 | B23: SINAPI | C23: 96527 | D23: =$D$10 -> 45901 | E23: ESCAVAÇÃO MANUAL PARA VIGA BALDRAME OU SAPATA CORRIDA (INCLUINDO ESCAVAÇÃO PARA COLOCAÇÃO DE FÔRMAS). AF_01/2024 | F23: M3 | G23: =38.89+12.5 -> 51.39 | H23: 105.6 | I23: 1 | J23: =IF(I23=1,(H23*(1+$M$1)),(H23*(1+$M$2))) -> 132.11616 | K23: =J23*G23 -> 6789.4495 | L23: =J23-M23 -> 0 | M23: =VLOOKUP(C23,'% MDO'!$B:$E,4,FALSE)*J23 -> 132.11616
A24: 3.1.2 | B24: SINAPI | C24: 104923 | D24: =$D$10 -> 45901 | E24: CONCRETAGEM DE SAPATA CORRIDA, FCK 30 MPA, COM USO DE JERICA - LANÇAMENTO, ADENSAMENTO E ACABAMENTO. AF_01/2024 | F24: M3 | G24: 43.02 | H24: 853.15 | I24: 1 | J24: =IF(I24=1,(H24*(1+$M$1)),(H24*(1+$M$2))) -> 1067.376 | K24: =J24*G24 -> 45918.514 | L24: =J24-M24 -> 728.16388 | M24: =VLOOKUP(C24,'% MDO'!$B:$E,4,FALSE)*J24 -> 339.21208
A25: 3.1.3 | B25: SINAPI | C25: 96616 | D25: =$D$10 -> 45901 | E25: LASTRO DE CONCRETO MAGRO, APLICADO EM BLOCOS DE COROAMENTO OU SAPATAS. AF_01/2024 | F25: M3 | G25: 9.03 | H25: 826.83 | I25: 1 | J25: =IF(I25=1,(H25*(1+$M$1)),(H25*(1+$M$2))) -> 1034.447 | K25: =J25*G25 -> 9341.0565 | L25: =J25-M25 -> 578.66966 | M25: =VLOOKUP(C25,'% MDO'!$B:$E,4,FALSE)*J25 -> 455.77735
A26: 3.1.4 | B26: SINAPI | C26: 102719 | D26: =$D$10 -> 45901 | E26: ENCHIMENTO DE BRITA PARA DRENO, LANÇAMENTO MANUAL. AF_07/2021 | F26: M3 | G26: 9.93 | H26: 139.37 | I26: 1 | J26: =IF(I26=1,(H26*(1+$M$1)),(H26*(1+$M$2))) -> 174.36581 | K26: =J26*G26 -> 1731.4525 | L26: =J26-M26 -> 130.73948 | M26: =VLOOKUP(C26,'% MDO'!$B:$E,4,FALSE)*J26 -> 43.626325
A27: 3.1.5 | B27: SINAPI | C27: 102726 | D27: =$D$10 -> 45901 | E27: DRENO BARBACÃ, DN 50 MM, COM MATERIAL DRENANTE. AF_07/2021 | F27: UND | G27: 139 | H27: 27.35 | I27: 1 | J27: =IF(I27=1,(H27*(1+$M$1)),(H27*(1+$M$2))) -> 34.217585 | K27: =J27*G27 -> 4756.2443 | L27: =J27-M27 -> 19.918056 | M27: =VLOOKUP(C27,'% MDO'!$B:$E,4,FALSE)*J27 -> 14.299529
A28: 3.1.6 | B28: SINAPI | C28: 104926 | D28: =$D$10 -> 45901 | E28: FABRICAÇÃO, MONTAGEM E DESMONTAGEM DE FÔRMA PARA SAPATA CORRIDA, EM MADEIRA SERRADA, E=25 MM, 2 UTILIZAÇÕES. AF_01/2024 | F28: M2 | G28: 406.98 | H28: 95.57 | I28: 1 | J28: =IF(I28=1,(H28*(1+$M$1)),(H28*(1+$M$2))) -> 119.56763 | K28: =J28*G28 -> 48661.633 | L28: =J28-M28 -> 55.945693 | M28: =VLOOKUP(C28,'% MDO'!$B:$E,4,FALSE)*J28 -> 63.621934
A29: 3.1.7 | B29: SINAPI | C29: 94316 | D29: =$D$10 -> 45901 | E29: ATERRO MECANIZADO DE VALA COM RETROESCAVADEIRA (CAPACIDADE DA CAÇAMBA DA RETRO: 0,26 M³ / POTÊNCIA: 88 HP), LARGURA ATÉ 1,5 M, PROFUNDIDADE ATÉ 1,5 M, COM SOLO ARGILO-ARENOSO. AF_08/2023 | F29: M3 | G29: 91.5 | H29: 74.08 | I29: 1 | J29: =IF(I29=1,(H29*(1+$M$1)),(H29*(1+$M$2))) -> 92.681488 | K29: =J29*G29 -> 8480.3562 | L29: =J29-M29 -> 78.85341 | M29: =VLOOKUP(C29,'% MDO'!$B:$E,4,FALSE)*J29 -> 13.828078
A30: 3.1.8 | B30: SINAPI | C30: 104916 | D30: =$D$10 -> 45901 | E30: ARMAÇÃO DE SAPATA ISOLADA, VIGA BALDRAME E SAPATA CORRIDA UTILIZANDO AÇO CA-60 DE 5 MM - MONTAGEM. AF_01/2024 | F30: KG | G30: 120 | H30: 16.79 | I30: 1 | J30: =IF(I30=1,(H30*(1+$M$1)),(H30*(1+$M$2))) -> 21.005969 | K30: =J30*G30 -> 2520.7163 | L30: =J30-M30 -> 11.372632 | M30: =VLOOKUP(C30,'% MDO'!$B:$E,4,FALSE)*J30 -> 9.6333374
A31: 3.1.9 | B31: SINAPI | C31: 100342 | D31: =$D$10 -> 45901 | E31: ARMAÇÃO DE CORTINA DE CONTENÇÃO EM CONCRETO ARMADO, COM AÇO CA-50 DE 6,3 MM - MONTAGEM. AF_11/2024 | F31: KG | G31: 170 | H31: 16.94 | I31: 1 | J31: =IF(I31=1,(H31*(1+$M$1)),(H31*(1+$M$2))) -> 21.193634 | K31: =J31*G31 -> 3602.9178 | L31: =J31-M31 -> 12.610212 | M31: =VLOOKUP(C31,'% MDO'!$B:$E,4,FALSE)*J31 -> 8.5834218
A32: 3.1.10 | B32: SINAPI | C32: 100343 | D32: =$D$10 -> 45901 | E32: ARMAÇÃO DE CORTINA DE CONTENÇÃO EM CONCRETO ARMADO, COM AÇO CA-50 DE 8 MM - MONTAGEM. AF_11/2024 | F32: KG | G32: 220 | H32: 15.15 | I32: 1 | J32: =IF(I32=1,(H32*(1+$M$1)),(H32*(1+$M$2))) -> 18.954165 | K32: =J32*G32 -> 4169.9163 | L32: =J32-M32 -> 13.074583 | M32: =VLOOKUP(C32,'% MDO'!$B:$E,4,FALSE)*J32 -> 5.879582
A33: 3.1.11 | B33: SINAPI | C33: 100344 | D33: =$D$10 -> 45901 | E33: ARMAÇÃO DE CORTINA DE CONTENÇÃO EM CONCRETO ARMADO, COM AÇO CA-50 DE 10 MM - MONTAGEM. AF_11/2024 | F33: KG | G33: 490 | H33: 12.59 | I33: 1 | J33: =IF(I33=1,(H33*(1+$M$1)),(H33*(1+$M$2))) -> 15.751349 | K33: =J33*G33 -> 7718.161 | L33: =J33-M33 -> 12.323855 | M33: =VLOOKUP(C33,'% MDO'!$B:$E,4,FALSE)*J33 -> 3.4274935
A34: 3.1.12 | B34: SINAPI | C34: 100345 | D34: =$D$10 -> 45901 | E34: ARMAÇÃO DE CORTINA DE CONTENÇÃO EM CONCRETO ARMADO, COM AÇO CA-50 DE 12,5 MM - MONTAGEM. AF_11/2024 | F34: KG | G34: 950 | H34: 9.9 | I34: 1 | J34: =IF(I34=1,(H34*(1+$M$1)),(H34*(1+$M$2))) -> 12.38589 | K34: =J34*G34 -> 11766.596 | L34: =J34-M34 -> 10.747237 | M34: =VLOOKUP(C34,'% MDO'!$B:$E,4,FALSE)*J34 -> 1.6386532
A35: 3.2 | E35: Fundação em Sapata Isolada para 3 Mirantes | K35: =SUM(K36:K40) -> 8069.6336
A36: 3.2.1 | B36: SINAPI | C36: 96523 | D36: =$D$10 -> 45901 | E36: ESCAVAÇÃO MANUAL PARA BLOCO DE COROAMENTO OU SAPATA (INCLUINDO ESCAVAÇÃO PARA COLOCAÇÃO DE FÔRMAS). AF_01/2024 | F36: M3 | G36: =3*(1.2*1.2*1) -> 4.32 | H36: 95.88 | I36: 1 | J36: =IF(I36=1,(H36*(1+$M$1)),(H36*(1+$M$2))) -> 119.95547 | K36: =J36*G36 -> 518.20762 | L36: =J36-M36 -> 0 | M36: =VLOOKUP(C36,'% MDO'!$B:$E,4,FALSE)*J36 -> 119.95547
A37: 3.2.2 | B37: SINAPI | C37: 96619 | D37: =$D$10 -> 45901 | E37: LASTRO DE CONCRETO MAGRO, APLICADO EM BLOCOS DE COROAMENTO OU SAPATAS, ESPESSURA DE 5 CM. AF_01/2024 | F37: M2 | G37: =1.1*1.1*3 -> 3.63 | H37: 41.33 | I37: 1 | J37: =IF(I37=1,(H37*(1+$M$1)),(H37*(1+$M$2))) -> 51.707963 | K37: =J37*G37 -> 187.69991 | L37: =J37-M37 -> 28.935776 | M37: =VLOOKUP(C37,'% MDO'!$B:$E,4,FALSE)*J37 -> 22.772187
A38: 3.2.3 | B38: SINAPI | C38: 96529 | D38: =$D$10 -> 45901 | E38: FABRICAÇÃO, MONTAGEM E DESMONTAGEM DE FÔRMA PARA SAPATA, EM MADEIRA SERRADA, E=25 MM, 1 UTILIZAÇÃO. AF_01/2024 | F38: M2 | G38: =(1.1*0.65*4)*3 -> 8.58 | H38: 252.22 | I38: 1 | J38: =IF(I38=1,(H38*(1+$M$1)),(H38*(1+$M$2))) -> 315.55244 | K38: =J38*G38 -> 2707.44 | L38: =J38-M38 -> 113.53577 | M38: =VLOOKUP(C38,'% MDO'!$B:$E,4,FALSE)*J38 -> 202.01667
A39: 3.2.4 | B39: SINAPI | C39: 104920 | D39: =$D$10 -> 45901 | E39: ARMAÇÃO DE BLOCO, SAPATA ISOLADA, VIGA BALDRAME E SAPATA CORRIDA UTILIZANDO AÇO CA-50 DE 12,5 MM - MONTAGEM. AF_01/2024 | F39: KG | G39: 135 | H39: 10.99 | I39: 1 | J39: =IF(I39=1,(H39*(1+$M$1)),(H39*(1+$M$2))) -> 13.749589 | K39: =J39*G39 -> 1856.1945 | L39: =J39-M39 -> 10.734304 | M39: =VLOOKUP(C39,'% MDO'!$B:$E,4,FALSE)*J39 -> 3.0152849
A40: 3.2.5 | B40: SINAPI | C40: 96556 | D40: =$D$10 -> 45901 | E40: CONCRETAGEM DE SAPATA, FCK 30 MPA, COM USO DE JERICA - LANÇAMENTO, ADENSAMENTO E ACABAMENTO. AF_01/2024 | F40: M3 | G40: =(1.1*1.1*0.65)*3 -> 2.3595 | H40: 948.55 | I40: 1 | J40: =IF(I40=1,(H40*(1+$M$1)),(H40*(1+$M$2))) -> 1186.7309 | K40: =J40*G40 -> 2800.0916 | L40: =J40-M40 -> 728.77145 | M40: =VLOOKUP(C40,'% MDO'!$B:$E,4,FALSE)*J40 -> 457.95946
A41: 3.3 | E41: Fundação em sapata isolada para Pórtico | K41: =SUM(K42:K46) -> 5843.4582
A42: 3.3.1 | B42: SINAPI | C42: 96523 | D42: =$D$10 -> 45901 | E42: ESCAVAÇÃO MANUAL PARA BLOCO DE COROAMENTO OU SAPATA (INCLUINDO ESCAVAÇÃO PARA COLOCAÇÃO DE FÔRMAS). AF_01/2024 | F42: M3 | G42: =1.8*1.3*1.3 -> 3.042 | H42: 95.88 | I42: 1 | J42: =IF(I42=1,(H42*(1+$M$1)),(H42*(1+$M$2))) -> 119.95547 | K42: =J42*G42 -> 364.90453 | L42: =J42-M42 -> 0 | M42: =VLOOKUP(C42,'% MDO'!$B:$E,4,FALSE)*J42 -> 119.95547
A43: 3.3.2 | B43: SINAPI | C43: 96619 | D43: =$D$10 -> 45901 | E43: LASTRO DE CONCRETO MAGRO, APLICADO EM BLOCOS DE COROAMENTO OU SAPATAS, ESPESSURA DE 5 CM. AF_01/2024 | F43: M2 | G43: =1.6*1.1 -> 1.76 | H43: 41.33 | I43: 1 | J43: =IF(I43=1,(H43*(1+$M$1)),(H43*(1+$M$2))) -> 51.707963 | K43: =J43*G43 -> 91.006015 | L43: =J43-M43 -> 28.935776 | M43: =VLOOKUP(C43,'% MDO'!$B:$E,4,FALSE)*J43 -> 22.772187
A44: 3.3.3 | B44: SINAPI | C44: 96529 | D44: =$D$10 -> 45901 | E44: FABRICAÇÃO, MONTAGEM E DESMONTAGEM DE FÔRMA PARA SAPATA, EM MADEIRA SERRADA, E=25 MM, 1 UTILIZAÇÃO. AF_01/2024 | F44: M2 | G44: =(1.6+1.6+1.1+1.1)*1.1 -> 5.94 | H44: 252.22 | I44: 1 | J44: =IF(I44=1,(H44*(1+$M$1)),(H44*(1+$M$2))) -> 315.55244 | K44: =J44*G44 -> 1874.3815 | L44: =J44-M44 -> 113.53577 | M44: =VLOOKUP(C44,'% MDO'!$B:$E,4,FALSE)*J44 -> 202.01667
A45: 3.3.4 | B45: SINAPI | C45: 104921 | D45: =$D$10 -> 45901 | E45: ARMAÇÃO DE BLOCO, SAPATA ISOLADA, VIGA BALDRAME E SAPATA CORRIDA UTILIZANDO AÇO CA-50 DE 16 MM - MONTAGEM. AF_01/2024 | F45: KG | G45: 93.7 | H45: 10.37 | I45: 1 | J45: =IF(I45=1,(H45*(1+$M$1)),(H45*(1+$M$2))) -> 12.973907 | K45: =J45*G45 -> 1215.6551 | L45: =J45-M45 -> 10.721637 | M45: =VLOOKUP(C45,'% MDO'!$B:$E,4,FALSE)*J45 -> 2.2522703
A46: 3.3.5 | B46: SINAPI | C46: 96556 | D46: =$D$10 -> 45901 | E46: CONCRETAGEM DE SAPATA, FCK 30 MPA, COM USO DE JERICA - LANÇAMENTO, ADENSAMENTO E ACABAMENTO. AF_01/2024 | F46: M3 | G46: =1.1*1.1*1.6 -> 1.936 | H46: 948.55 | I46: 1 | J46: =IF(I46=1,(H46*(1+$M$1)),(H46*(1+$M$2))) -> 1186.7309 | K46: =J46*G46 -> 2297.511 | L46: =J46-M46 -> 728.77145 | M46: =VLOOKUP(C46,'% MDO'!$B:$E,4,FALSE)*J46 -> 457.95946
A47: 3.4 | E47: Fundação em Sapatas Corridas para Chimarródromo | K47: =SUM(K48:K58) -> 19015.233
A48: 3.4.1 | B48: SINAPI | C48: 96523 | D48: =$D$10 -> 45901 | E48: ESCAVAÇÃO MANUAL PARA BLOCO DE COROAMENTO OU SAPATA (INCLUINDO ESCAVAÇÃO PARA COLOCAÇÃO DE FÔRMAS). AF_01/2024 | F48: M3 | G48: =(4.29*0.14*0.25)+(45.67*0.2*0.25) -> 2.43365 | H48: 95.88 | I48: 1 | J48: =IF(I48=1,(H48*(1+$M$1)),(H48*(1+$M$2))) -> 119.95547 | K48: =J48*G48 -> 291.92962 | L48: =J48-M48 -> 0 | M48: =VLOOKUP(C48,'% MDO'!$B:$E,4,FALSE)*J48 -> 119.95547
A49: 3.4.2 | B49: SINAPI | C49: 96619 | D49: =$D$10 -> 45901 | E49: LASTRO DE CONCRETO MAGRO, APLICADO EM BLOCOS DE COROAMENTO OU SAPATAS, ESPESSURA DE 5 CM. AF_01/2024 | F49: M2 | G49: =(4.29*0.14)+(45.67*0.2) -> 9.7346 | H49: 41.33 | I49: 1 | J49: =IF(I49=1,(H49*(1+$M$1)),(H49*(1+$M$2))) -> 51.707963 | K49: =J49*G49 -> 503.35634 | L49: =J49-M49 -> 28.935776 | M49: =VLOOKUP(C49,'% MDO'!$B:$E,4,FALSE)*J49 -> 22.772187
A50: 3.4.3 | B50: SINAPI | C50: 96529 | D50: =$D$10 -> 45901 | E50: FABRICAÇÃO, MONTAGEM E DESMONTAGEM DE FÔRMA PARA SAPATA, EM MADEIRA SERRADA, E=25 MM, 1 UTILIZAÇÃO. AF_01/2024 | F50: M2 | G50: 3.43 | H50: 252.22 | I50: 1 | J50: =IF(I50=1,(H50*(1+$M$1)),(H50*(1+$M$2))) -> 315.55244 | K50: =J50*G50 -> 1082.3449 | L50: =J50-M50 -> 113.53577 | M50: =VLOOKUP(C50,'% MDO'!$B:$E,4,FALSE)*J50 -> 202.01667
A51: 3.4.4 | B51: SINAPI | C51: 104919 | D51: =$D$10 -> 45901 | E51: ARMAÇÃO DE SAPATA ISOLADA, VIGA BALDRAME E SAPATA CORRIDA UTILIZANDO AÇO CA-50 DE 10 MM - MONTAGEM. AF_01/2024 | F51: KG | G51: 11.4 | H51: 12.96 | I51: 1 | J51: =IF(I51=1,(H51*(1+$M$1)),(H51*(1+$M$2))) -> 16.214256 | K51: =J51*G51 -> 184.84252 | L51: =J51-M51 -> 12.285542 | M51: =VLOOKUP(C51,'% MDO'!$B:$E,4,FALSE)*J51 -> 3.9287142
A52: 3.4.5 | B52: SINAPI | C52: 104916 | D52: =$D$10 -> 45901 | E52: ARMAÇÃO DE SAPATA ISOLADA, VIGA BALDRAME E SAPATA CORRIDA UTILIZANDO AÇO CA-60 DE 5 MM - MONTAGEM. AF_01/2024 | F52: KG | G52: 3.3 | H52: 16.79 | I52: 1 | J52: =IF(I52=1,(H52*(1+$M$1)),(H52*(1+$M$2))) -> 21.005969 | K52: =J52*G52 -> 69.319698 | L52: =J52-M52 -> 11.372632 | M52: =VLOOKUP(C52,'% MDO'!$B:$E,4,FALSE)*J52 -> 9.6333374
A53: 3.4.6 | B53: SINAPI | C53: 96555 | D53: =$D$10 -> 45901 | E53: CONCRETAGEM DE BLOCO DE COROAMENTO OU VIGA BALDRAME, FCK 30 MPA, COM USO DE JERICA - LANÇAMENTO, ADENSAMENTO E ACABAMENTO. AF_01/2024 | F53: M3 | G53: 0.24 | H53: 796.19 | I53: 1 | J53: =IF(I53=1,(H53*(1+$M$1)),(H53*(1+$M$2))) -> 996.11331 | K53: =J53*G53 -> 239.06719 | L53: =J53-M53 -> 709.4319 | M53: =VLOOKUP(C53,'% MDO'!$B:$E,4,FALSE)*J53 -> 286.68141
A54: 3.4.7 | B54: SINAPI | C54: 101159 | D54: =$D$10 -> 45901 | E54: ALVENARIA DE VEDAÇÃO DE BLOCOS CERÂMICOS MACIÇOS DE 5X10X20CM (ESPESSURA 10CM) E ARGAMASSA DE ASSENTAMENTO COM PREPARO EM BETONEIRA. AF_05/2020 | F54: M2 | G54: =45.67*0.6*2 -> 54.804 | H54: 135.63 | I54: 1 | J54: =IF(I54=1,(H54*(1+$M$1)),(H54*(1+$M$2))) -> 169.68669 | K54: =J54*G54 -> 9299.5095 | L54: =J54-M54 -> 71.981095 | M54: =VLOOKUP(C54,'% MDO'!$B:$E,4,FALSE)*J54 -> 97.705598
A55: 3.4.8 | B55: SINAPI | C55: 87893 | D55: =$D$10 -> 45901 | E55: CHAPISCO APLICADO EM ALVENARIA (SEM PRESENÇA DE VÃOS) E ESTRUTURAS DE CONCRETO DE FACHADA, COM COLHER DE PEDREIRO. ARGAMASSA TRAÇO 1:3 COM PREPARO MANUAL. AF_10/2022 | F55: M2 | G55: =G56 -> 54.8 | H55: 7.46 | I55: 1 | J55: =IF(I55=1,(H55*(1+$M$1)),(H55*(1+$M$2))) -> 9.333206 | K55: =J55*G55 -> 511.45969 | L55: =J55-M55 -> 2.2147698 | M55: =VLOOKUP(C55,'% MDO'!$B:$E,4,FALSE)*J55 -> 7.1184362
A56: 3.4.9 | B56: SINAPI | C56: 87794 | D56: =$D$10 -> 45901 | E56: EMBOÇO OU MASSA ÚNICA EM ARGAMASSA TRAÇO 1:2:8, PREPARO MANUAL, APLICADA MANUALMENTE EM PANOS CEGOS DE FACHADA (SEM PRESENÇA DE VÃOS), ESPESSURA DE 25 MM. AF_09/2022 | F56: M2 | G56: =G57 -> 54.8 | H56: 43.94 | I56: 1 | J56: =IF(I56=1,(H56*(1+$M$1)),(H56*(1+$M$2))) -> 54.973334 | K56: =J56*G56 -> 3012.5387 | L56: =J56-M56 -> 20.680968 | M56: =VLOOKUP(C56,'% MDO'!$B:$E,4,FALSE)*J56 -> 34.292366
A57: 3.4.10 | B57: SINAPI | C57: 96135 | D57: =$D$10 -> 45901 | E57: APLICAÇÃO MANUAL DE MASSA ACRÍLICA EM PAREDES EXTERNAS DE CASAS, DUAS DEMÃOS. AF_03/2024 | F57: M2 | G57: =G58 -> 54.8 | H57: 31.53 | I57: 1 | J57: =IF(I57=1,(H57*(1+$M$1)),(H57*(1+$M$2))) -> 39.447183 | K57: =J57*G57 -> 2161.7056 | L57: =J57-M57 -> 13.873574 | M57: =VLOOKUP(C57,'% MDO'!$B:$E,4,FALSE)*J57 -> 25.573609
A58: 3.4.11 | B58: SINAPI | C58: 88423 | D58: =$D$10 -> 45901 | E58: APLICAÇÃO MANUAL DE PINTURA COM TINTA TEXTURIZADA ACRÍLICA EM PAREDES EXTERNAS DE CASAS, UMA COR. AF_03/2024 | F58: M2 | G58: 54.8 | H58: 24.2 | I58: 1 | J58: =IF(I58=1,(H58*(1+$M$1)),(H58*(1+$M$2))) -> 30.27662 | K58: =J58*G58 -> 1659.1588 | L58: =J58-M58 -> 24.145604 | M58: =VLOOKUP(C58,'% MDO'!$B:$E,4,FALSE)*J58 -> 6.1310156
A59: 3.5 | E59: Fundação em Sapatas Corrida, Isoladas e muretas para Painel de Homenagens | K59: =SUM(K60:K73) -> 39067.051
A60: 3.5.1 | B60: SINAPI | C60: 96523 | D60: =$D$10 -> 45901 | E60: ESCAVAÇÃO MANUAL PARA BLOCO DE COROAMENTO OU SAPATA (INCLUINDO ESCAVAÇÃO PARA COLOCAÇÃO DE FÔRMAS). AF_01/2024 | F60: M3 | G60: =(0.65*0.6*10.19)+(1.6*1.8*7)+(0.25*0.25*26.55) -> 25.793475 | H60: 95.88 | I60: 1 | J60: =IF(I60=1,(H60*(1+$M$1)),(H60*(1+$M$2))) -> 119.95547 | K60: =J60*G60 -> 3094.0684 | L60: =J60-M60 -> 0 | M60: =VLOOKUP(C60,'% MDO'!$B:$E,4,FALSE)*J60 -> 119.95547
A61: 3.5.2 | B61: SINAPI | C61: 96619 | D61: =$D$10 -> 45901 | E61: LASTRO DE CONCRETO MAGRO, APLICADO EM BLOCOS DE COROAMENTO OU SAPATAS, ESPESSURA DE 5 CM. AF_01/2024 | F61: M2 | G61: =(0.6*10.19)+(1.8*7)+(0.25*26.55) -> 25.3515 | H61: 41.33 | I61: 1 | J61: =IF(I61=1,(H61*(1+$M$1)),(H61*(1+$M$2))) -> 51.707963 | K61: =J61*G61 -> 1310.8744 | L61: =J61-M61 -> 28.935776 | M61: =VLOOKUP(C61,'% MDO'!$B:$E,4,FALSE)*J61 -> 22.772187
A62: 3.5.3 | B62: SINAPI | C62: 96529 | D62: =$D$10 -> 45901 | E62: FABRICAÇÃO, MONTAGEM E DESMONTAGEM DE FÔRMA PARA SAPATA, EM MADEIRA SERRADA, E=25 MM, 1 UTILIZAÇÃO. AF_01/2024 | F62: M2 | G62: =(1.8*1.8+7+7)*0.5 -> 8.62 | H62: 252.22 | I62: 1 | J62: =IF(I62=1,(H62*(1+$M$1)),(H62*(1+$M$2))) -> 315.55244 | K62: =J62*G62 -> 2720.0621 | L62: =J62-M62 -> 113.53577 | M62: =VLOOKUP(C62,'% MDO'!$B:$E,4,FALSE)*J62 -> 202.01667
A63: 3.5.4 | B63: SINAPI | C63: 104920 | D63: =$D$10 -> 45901 | E63: ARMAÇÃO DE BLOCO, SAPATA ISOLADA, VIGA BALDRAME E SAPATA CORRIDA UTILIZANDO AÇO CA-50 DE 12,5 MM - MONTAGEM. AF_01/2024 | F63: KG | G63: 295.5 | H63: 10.99 | I63: 1 | J63: =IF(I63=1,(H63*(1+$M$1)),(H63*(1+$M$2))) -> 13.749589 | K63: =J63*G63 -> 4063.0035 | L63: =J63-M63 -> 10.734304 | M63: =VLOOKUP(C63,'% MDO'!$B:$E,4,FALSE)*J63 -> 3.0152849
A64: 3.5.5 | B64: SINAPI | C64: 96556 | D64: =$D$10 -> 45901 | E64: CONCRETAGEM DE SAPATA, FCK 30 MPA, COM USO DE JERICA - LANÇAMENTO, ADENSAMENTO E ACABAMENTO. AF_01/2024 | F64: M3 | G64: =1.8*7*0.5 -> 6.3 | H64: 948.55 | I64: 1 | J64: =IF(I64=1,(H64*(1+$M$1)),(H64*(1+$M$2))) -> 1186.7309 | K64: =J64*G64 -> 7476.4047 | L64: =J64-M64 -> 728.77145 | M64: =VLOOKUP(C64,'% MDO'!$B:$E,4,FALSE)*J64 -> 457.95946
A65: 3.5.6 | B65: SINAPI | C65: 96530 | D65: =$D$10 -> 45901 | E65: FABRICAÇÃO, MONTAGEM E DESMONTAGEM DE FÔRMA PARA VIGA BALDRAME, EM MADEIRA SERRADA, E=25 MM, 1 UTILIZAÇÃO. AF_01/2024 | F65: M2 | G65: 20.38 | H65: 131.54 | I65: 1 | J65: =IF(I65=1,(H65*(1+$M$1)),(H65*(1+$M$2))) -> 164.56969 | K65: =J65*G65 -> 3353.9304 | L65: =J65-M65 -> 91.550121 | M65: =VLOOKUP(C65,'% MDO'!$B:$E,4,FALSE)*J65 -> 73.019573
A66: 3.5.7 | B66: SINAPI | C66: 104917 | D66: =$D$10 -> 45901 | E66: ARMAÇÃO DE SAPATA ISOLADA, VIGA BALDRAME E SAPATA CORRIDA UTILIZANDO AÇO CA-50 DE 6,3 MM - MONTAGEM. AF_01/2024 | F66: KG | G66: 70.77 | H66: 15.61 | I66: 1 | J66: =IF(I66=1,(H66*(1+$M$1)),(H66*(1+$M$2))) -> 19.529671 | K66: =J66*G66 -> 1382.1148 | L66: =J66-M66 -> 12.536096 | M66: =VLOOKUP(C66,'% MDO'!$B:$E,4,FALSE)*J66 -> 6.9935752
A67: 3.5.8 | B67: SINAPI | C67: 104921 | D67: =$D$10 -> 45901 | E67: ARMAÇÃO DE BLOCO, SAPATA ISOLADA, VIGA BALDRAME E SAPATA CORRIDA UTILIZANDO AÇO CA-50 DE 16 MM - MONTAGEM. AF_01/2024 | F67: KG | G67: 70.14 | H67: 10.37 | I67: 1 | J67: =IF(I67=1,(H67*(1+$M$1)),(H67*(1+$M$2))) -> 12.973907 | K67: =J67*G67 -> 909.98984 | L67: =J67-M67 -> 10.721637 | M67: =VLOOKUP(C67,'% MDO'!$B:$E,4,FALSE)*J67 -> 2.2522703
A68: 3.5.9 | B68: SINAPI | C68: 96555 | D68: =$D$10 -> 45901 | E68: CONCRETAGEM DE BLOCO DE COROAMENTO OU VIGA BALDRAME, FCK 30 MPA, COM USO DE JERICA - LANÇAMENTO, ADENSAMENTO E ACABAMENTO. AF_01/2024 | F68: M3 | G68: 5.1 | H68: 796.19 | I68: 1 | J68: =IF(I68=1,(H68*(1+$M$1)),(H68*(1+$M$2))) -> 996.11331 | K68: =J68*G68 -> 5080.1779 | L68: =J68-M68 -> 709.4319 | M68: =VLOOKUP(C68,'% MDO'!$B:$E,4,FALSE)*J68 -> 286.68141
A69: 3.5.10 | B69: SINAPI | C69: 101159 | D69: =$D$10 -> 45901 | E69: ALVENARIA DE VEDAÇÃO DE BLOCOS CERÂMICOS MACIÇOS DE 5X10X20CM (ESPESSURA 10CM) E ARGAMASSA DE ASSENTAMENTO COM PREPARO EM BETONEIRA. AF_05/2020 | F69: M2 | G69: 31.86 | H69: 135.63 | I69: 1 | J69: =IF(I69=1,(H69*(1+$M$1)),(H69*(1+$M$2))) -> 169.68669 | K69: =J69*G69 -> 5406.218 | L69: =J69-M69 -> 71.981095 | M69: =VLOOKUP(C69,'% MDO'!$B:$E,4,FALSE)*J69 -> 97.705598
A70: 3.5.11 | B70: SINAPI | C70: 87893 | D70: =$D$10 -> 45901 | E70: CHAPISCO APLICADO EM ALVENARIA (SEM PRESENÇA DE VÃOS) E ESTRUTURAS DE CONCRETO DE FACHADA, COM COLHER DE PEDREIRO. ARGAMASSA TRAÇO 1:3 COM PREPARO MANUAL. AF_10/2022 | F70: M2 | G70: =G69 -> 31.86 | H70: 7.46 | I70: 1 | J70: =IF(I70=1,(H70*(1+$M$1)),(H70*(1+$M$2))) -> 9.333206 | K70: =J70*G70 -> 297.35594 | L70: =J70-M70 -> 2.2147698 | M70: =VLOOKUP(C70,'% MDO'!$B:$E,4,FALSE)*J70 -> 7.1184362
A71: 3.5.12 | B71: SINAPI | C71: 87794 | D71: =$D$10 -> 45901 | E71: EMBOÇO OU MASSA ÚNICA EM ARGAMASSA TRAÇO 1:2:8, PREPARO MANUAL, APLICADA MANUALMENTE EM PANOS CEGOS DE FACHADA (SEM PRESENÇA DE VÃOS), ESPESSURA DE 25 MM. AF_09/2022 | F71: M2 | G71: =G70 -> 31.86 | H71: 43.94 | I71: 1 | J71: =IF(I71=1,(H71*(1+$M$1)),(H71*(1+$M$2))) -> 54.973334 | K71: =J71*G71 -> 1751.4504 | L71: =J71-M71 -> 20.680968 | M71: =VLOOKUP(C71,'% MDO'!$B:$E,4,FALSE)*J71 -> 34.292366
A72: 3.5.13 | B72: SINAPI | C72: 96135 | D72: =$D$10 -> 45901 | E72: APLICAÇÃO MANUAL DE MASSA ACRÍLICA EM PAREDES EXTERNAS DE CASAS, DUAS DEMÃOS. AF_03/2024 | F72: M2 | G72: =G71 -> 31.86 | H72: 31.53 | I72: 1 | J72: =IF(I72=1,(H72*(1+$M$1)),(H72*(1+$M$2))) -> 39.447183 | K72: =J72*G72 -> 1256.7873 | L72: =J72-M72 -> 13.873574 | M72: =VLOOKUP(C72,'% MDO'!$B:$E,4,FALSE)*J72 -> 25.573609
A73: 3.5.14 | B73: SINAPI | C73: 88423 | D73: =$D$10 -> 45901 | E73: APLICAÇÃO MANUAL DE PINTURA COM TINTA TEXTURIZADA ACRÍLICA EM PAREDES EXTERNAS DE CASAS, UMA COR. AF_03/2024 | F73: M2 | G73: =G72 -> 31.86 | H73: 24.2 | I73: 1 | J73: =IF(I73=1,(H73*(1+$M$1)),(H73*(1+$M$2))) -> 30.27662 | K73: =J73*G73 -> 964.61311 | L73: =J73-M73 -> 24.145604 | M73: =VLOOKUP(C73,'% MDO'!$B:$E,4,FALSE)*J73 -> 6.1310156
A74: 3.6 | E74: Fundação em Sapata Corrida para Quadra de Volei | K74: =SUM(K75:K78) -> 30429.181
A75: 3.6.1 | B75: SINAPI | C75: 104925 | D75: =$D$10 -> 45901 | E75: FABRICAÇÃO, MONTAGEM E DESMONTAGEM DE FÔRMA PARA SAPATA CORRIDA, EM MADEIRA SERRADA, E=25 MM, 1 UTILIZAÇÃO. AF_01/2024 | F75: M2 | G75: 47.18 | H75: 148.68 | I75: 1 | J75: =IF(I75=1,(H75*(1+$M$1)),(H75*(1+$M$2))) -> 186.01355 | K75: =J75*G75 -> 8776.1192 | L75: =J75-M75 -> 105.97192 | M75: =VLOOKUP(C75,'% MDO'!$B:$E,4,FALSE)*J75 -> 80.04163
A76: 3.6.2 | B76: SINAPI | C76: 104919 | D76: =$D$10 -> 45901 | E76: ARMAÇÃO DE SAPATA ISOLADA, VIGA BALDRAME E SAPATA CORRIDA UTILIZANDO AÇO CA-50 DE 10 MM - MONTAGEM. AF_01/2024 | F76: KG | G76: 241 | H76: 12.96 | I76: 1 | J76: =IF(I76=1,(H76*(1+$M$1)),(H76*(1+$M$2))) -> 16.214256 | K76: =J76*G76 -> 3907.6357 | L76: =J76-M76 -> 12.285542 | M76: =VLOOKUP(C76,'% MDO'!$B:$E,4,FALSE)*J76 -> 3.9287142
A77: 3.6.3 | B77: SINAPI | C77: 104917 | D77: =$D$10 -> 45901 | E77: ARMAÇÃO DE SAPATA ISOLADA, VIGA BALDRAME E SAPATA CORRIDA UTILIZANDO AÇO CA-50 DE 6,3 MM - MONTAGEM. AF_01/2024 | F77: KG | G77: 135 | H77: 15.61 | I77: 1 | J77: =IF(I77=1,(H77*(1+$M$1)),(H77*(1+$M$2))) -> 19.529671 | K77: =J77*G77 -> 2636.5056 | L77: =J77-M77 -> 12.536096 | M77: =VLOOKUP(C77,'% MDO'!$B:$E,4,FALSE)*J77 -> 6.9935752
A78: 3.6.4 | B78: SINAPI | C78: 104923 | D78: =$D$10 -> 45901 | E78: CONCRETAGEM DE SAPATA CORRIDA, FCK 30 MPA, COM USO DE JERICA - LANÇAMENTO, ADENSAMENTO E ACABAMENTO. AF_01/2024 | F78: M3 | G78: =58.98*0.6*0.4 -> 14.1552 | H78: 853.15 | I78: 1 | J78: =IF(I78=1,(H78*(1+$M$1)),(H78*(1+$M$2))) -> 1067.376 | K78: =J78*G78 -> 15108.92 | L78: =J78-M78 -> 728.16388 | M78: =VLOOKUP(C78,'% MDO'!$B:$E,4,FALSE)*J78 -> 339.21208
A79: 3.7 | E79: Fundação em Sapata Corrida e Piso para Quadra Poliesportiva | K79: =SUM(K80:K91) -> 88386.569
A80: 3.7.1 | B80: SINAPI | C80: 104925 | D80: =$D$10 -> 45901 | E80: FABRICAÇÃO, MONTAGEM E DESMONTAGEM DE FÔRMA PARA SAPATA CORRIDA, EM MADEIRA SERRADA, E=25 MM, 1 UTILIZAÇÃO. AF_01/2024 | F80: M2 | G80: =0.8*60.12 -> 48.096 | H80: 148.68 | I80: 1 | J80: =IF(I80=1,(H80*(1+$M$1)),(H80*(1+$M$2))) -> 186.01355 | K80: =J80*G80 -> 8946.5076 | L80: =J80-M80 -> 105.97192 | M80: =VLOOKUP(C80,'% MDO'!$B:$E,4,FALSE)*J80 -> 80.04163
A81: 3.7.2 | B81: SINAPI | C81: 104919 | D81: =$D$10 -> 45901 | E81: ARMAÇÃO DE SAPATA ISOLADA, VIGA BALDRAME E SAPATA CORRIDA UTILIZANDO AÇO CA-50 DE 10 MM - MONTAGEM. AF_01/2024 | F81: KG | G81: 244.75 | H81: 12.96 | I81: 1 | J81: =IF(I81=1,(H81*(1+$M$1)),(H81*(1+$M$2))) -> 16.214256 | K81: =J81*G81 -> 3968.4392 | L81: =J81-M81 -> 12.285542 | M81: =VLOOKUP(C81,'% MDO'!$B:$E,4,FALSE)*J81 -> 3.9287142
A82: 3.7.3 | B82: SINAPI | C82: 104917 | D82: =$D$10 -> 45901 | E82: ARMAÇÃO DE SAPATA ISOLADA, VIGA BALDRAME E SAPATA CORRIDA UTILIZANDO AÇO CA-50 DE 6,3 MM - MONTAGEM. AF_01/2024 | F82: KG | G82: 137.94 | H82: 15.61 | I82: 1 | J82: =IF(I82=1,(H82*(1+$M$1)),(H82*(1+$M$2))) -> 19.529671 | K82: =J82*G82 -> 2693.9228 | L82: =J82-M82 -> 12.536096 | M82: =VLOOKUP(C82,'% MDO'!$B:$E,4,FALSE)*J82 -> 6.9935752
A83: 3.7.4 | B83: SINAPI | C83: 104923 | D83: =$D$10 -> 45901 | E83: CONCRETAGEM DE SAPATA CORRIDA, FCK 30 MPA, COM USO DE JERICA - LANÇAMENTO, ADENSAMENTO E ACABAMENTO. AF_01/2024 | F83: M3 | G83: =0.6*0.4*60.12 -> 14.4288 | H83: 853.15 | I83: 1 | J83: =IF(I83=1,(H83*(1+$M$1)),(H83*(1+$M$2))) -> 1067.376 | K83: =J83*G83 -> 15400.954 | L83: =J83-M83 -> 728.16388 | M83: =VLOOKUP(C83,'% MDO'!$B:$E,4,FALSE)*J83 -> 339.21208
A84: 3.7.5 | B84: SINAPI | C84: 101124 | D84: =$D$10 -> 45901 | E84: ESCAVAÇÃO HORIZONTAL, INCLUINDO CARGA E DESCARGA EM SOLO DE 1A CATEGORIA COM TRATOR DE ESTEIRAS (100HP/LÂMINA: 2,19M3). AF_07/2020 | F84: M3 | G84: =190.42*0.3 -> 57.126 | H84: 16.22 | I84: 1 | J84: =IF(I84=1,(H84*(1+$M$1)),(H84*(1+$M$2))) -> 20.292842 | K84: =J84*G84 -> 1159.2489 | L84: =J84-M84 -> 15.438794 | M84: =VLOOKUP(C84,'% MDO'!$B:$E,4,FALSE)*J84 -> 4.8540478
A85: 3.7.6 | B85: SINAPI | C85: 97084 | D85: =$D$10 -> 45901 | E85: COMPACTAÇÃO MECÂNICA DE SOLO PARA EXECUÇÃO DE RADIER, PISO DE CONCRETO OU LAJE SOBRE SOLO, COM COMPACTADOR DE SOLOS TIPO PLACA VIBRATÓRIA. AF_09/2021 | F85: M2 | G85: 190.42 | H85: 0.71 | I85: 1 | J85: =IF(I85=1,(H85*(1+$M$1)),(H85*(1+$M$2))) -> 0.888281 | K85: =J85*G85 -> 169.14647 | L85: =J85-M85 -> 0.062534982 | M85: =VLOOKUP(C85,'% MDO'!$B:$E,4,FALSE)*J85 -> 0.82574602
A86: 3.7.7 | B86: SINAPI | C86: 97087 | D86: =$D$10 -> 45901 | E86: CAMADA SEPARADORA PARA EXECUÇÃO DE RADIER, PISO DE CONCRETO OU LAJE SOBRE SOLO, EM LONA PLÁSTICA. AF_09/2021 | F86: M2 | G86: =G85 -> 190.42 | H86: 2.78 | I86: 1 | J86: =IF(I86=1,(H86*(1+$M$1)),(H86*(1+$M$2))) -> 3.478058 | K86: =J86*G86 -> 662.2918 | L86: =J86-M86 -> 2.8773974 | M86: =VLOOKUP(C86,'% MDO'!$B:$E,4,FALSE)*J86 -> 0.60066062
A87: 3.7.8 | B87: SINAPI | C87: 96622 | D87: =$D$10 -> 45901 | E87: LASTRO COM MATERIAL GRANULAR, APLICADO EM PISOS OU LAJES SOBRE SOLO, ESPESSURA DE *5 CM*. AF_01/2024 | F87: M3 | G87: =G86*0.05 -> 9.521 | H87: 200.8 | I87: 1 | J87: =IF(I87=1,(H87*(1+$M$1)),(H87*(1+$M$2))) -> 251.22088 | K87: =J87*G87 -> 2391.874 | L87: =J87-M87 -> 164.44919 | M87: =VLOOKUP(C87,'% MDO'!$B:$E,4,FALSE)*J87 -> 86.771692
A88: 3.7.9 | B88: SINAPI | C88: 100324 | D88: =$D$10 -> 45901 | E88: LASTRO COM MATERIAL GRANULAR (PEDRA BRITADA N.1 E PEDRA BRITADA N.2), APLICADO EM PISOS OU LAJES SOBRE SOLO, ESPESSURA DE *10 CM*. AF_01/2024 | F88: M3 | G88: =G86*0.1 -> 19.042 | H88: 169.75 | I88: 1 | J88: =IF(I88=1,(H88*(1+$M$1)),(H88*(1+$M$2))) -> 212.37423 | K88: =J88*G88 -> 4044.03 | L88: =J88-M88 -> 141.48371 | M88: =VLOOKUP(C88,'% MDO'!$B:$E,4,FALSE)*J88 -> 70.890516
A89: 3.7.10 | B89: SINAPI | C89: 97096 | D89: =$D$10 -> 45901 | E89: CONCRETAGEM DE RADIER, PISO DE CONCRETO OU LAJE SOBRE SOLO, FCK 30 MPA - LANÇAMENTO, ADENSAMENTO E ACABAMENTO. AF_09/2021 | F89: M3 | G89: =190.42*0.15 -> 28.563 | H89: 674.47 | I89: 1 | J89: =IF(I89=1,(H89*(1+$M$1)),(H89*(1+$M$2))) -> 843.82942 | K89: =J89*G89 -> 24102.3 | L89: =J89-M89 -> 818.51453 | M89: =VLOOKUP(C89,'% MDO'!$B:$E,4,FALSE)*J89 -> 25.314883
A90: 3.7.11 | B90: SINAPI | C90: 97097 | D90: =$D$10 -> 45901 | E90: ACABAMENTO POLIDO PARA PISO DE CONCRETO ARMADO OU LAJE SOBRE SOLO DE ALTA RESISTÊNCIA. AF_09/2021 | F90: M2 | G90: =G91 -> 190.42 | H90: 36.83 | I90: 1 | J90: =IF(I90=1,(H90*(1+$M$1)),(H90*(1+$M$2))) -> 46.078013 | K90: =J90*G90 -> 8774.1752 | L90: =J90-M90 -> 43.124412 | M90: =VLOOKUP(C90,'% MDO'!$B:$E,4,FALSE)*J90 -> 2.9536006
A91: 3.7.12 | B91: SINAPI | C91: 102494 | D91: =$D$10 -> 45901 | E91: PINTURA DE PISO COM TINTA EPÓXI, APLICAÇÃO MANUAL, 2 DEMÃOS, INCLUSO PRIMER EPÓXI. AF_05/2021 | F91: M2 | G91: 190.42 | H91: 67.47 | I91: 1 | J91: =IF(I91=1,(H91*(1+$M$1)),(H91*(1+$M$2))) -> 84.411717 | K91: =J91*G91 -> 16073.679 | L91: =J91-M91 -> 71.361666 | M91: =VLOOKUP(C91,'% MDO'!$B:$E,4,FALSE)*J91 -> 13.050051
A92: 3.8 | E92: Fundação em Sapatas e Jardineiras para Rua Coberta | K92: =SUM(K93:K100) -> 87695.027
A93: 3.8.1 | B93: SINAPI | C93: 96523 | D93: =$D$10 -> 45901 | E93: ESCAVAÇÃO MANUAL PARA BLOCO DE COROAMENTO OU SAPATA (INCLUINDO ESCAVAÇÃO PARA COLOCAÇÃO DE FÔRMAS). AF_01/2024 | F93: M3 | G93: =(5*2.2*2.2*0.75)+(2*2.1*2.4*0.75) -> 25.71 | H93: 95.88 | I93: 1 | J93: =IF(I93=1,(H93*(1+$M$1)),(H93*(1+$M$2))) -> 119.95547 | K93: =J93*G93 -> 3084.0551 | L93: =J93-M93 -> 0 | M93: =VLOOKUP(C93,'% MDO'!$B:$E,4,FALSE)*J93 -> 119.95547
A94: 3.8.2 | B94: SINAPI | C94: 96619 | D94: =$D$10 -> 45901 | E94: LASTRO DE CONCRETO MAGRO, APLICADO EM BLOCOS DE COROAMENTO OU SAPATAS, ESPESSURA DE 5 CM. AF_01/2024 | F94: M2 | G94: =(5*2*2)+(5*2.4*2.1) -> 45.2 | H94: 41.33 | I94: 1 | J94: =IF(I94=1,(H94*(1+$M$1)),(H94*(1+$M$2))) -> 51.707963 | K94: =J94*G94 -> 2337.1999 | L94: =J94-M94 -> 28.935776 | M94: =VLOOKUP(C94,'% MDO'!$B:$E,4,FALSE)*J94 -> 22.772187
A95: 3.8.3 | B95: SINAPI | C95: 96532 | D95: =$D$10 -> 45901 | E95: FABRICAÇÃO, MONTAGEM E DESMONTAGEM DE FÔRMA PARA SAPATA, EM MADEIRA SERRADA, E=25 MM, 2 UTILIZAÇÕES. AF_01/2024 | F95: M2 | G95: 55.25 | H95: 170.12 | I95: 1 | J95: =IF(I95=1,(H95*(1+$M$1)),(H95*(1+$M$2))) -> 212.83713 | K95: =J95*G95 -> 11759.252 | L95: =J95-M95 -> 59.509262 | M95: =VLOOKUP(C95,'% MDO'!$B:$E,4,FALSE)*J95 -> 153.32787
A96: 3.8.4 | B96: SINAPI | C96: 104920 | D96: =$D$10 -> 45901 | E96: ARMAÇÃO DE BLOCO, SAPATA ISOLADA, VIGA BALDRAME E SAPATA CORRIDA UTILIZANDO AÇO CA-50 DE 12,5 MM - MONTAGEM. AF_01/2024 | F96: KG | G96: 1507 | H96: 10.99 | I96: 1 | J96: =IF(I96=1,(H96*(1+$M$1)),(H96*(1+$M$2))) -> 13.749589 | K96: =J96*G96 -> 20720.631 | L96: =J96-M96 -> 10.734304 | M96: =VLOOKUP(C96,'% MDO'!$B:$E,4,FALSE)*J96 -> 3.0152849
A97: 3.8.5 | B97: SINAPI | C97: 96556 | D97: =$D$10 -> 45901 | E97: CONCRETAGEM DE SAPATA, FCK 30 MPA, COM USO DE JERICA - LANÇAMENTO, ADENSAMENTO E ACABAMENTO. AF_01/2024 | F97: M3 | G97: 29.38 | H97: 948.55 | I97: 1 | J97: =IF(I97=1,(H97*(1+$M$1)),(H97*(1+$M$2))) -> 1186.7309 | K97: =J97*G97 -> 34866.154 | L97: =J97-M97 -> 728.77145 | M97: =VLOOKUP(C97,'% MDO'!$B:$E,4,FALSE)*J97 -> 457.95946
A98: 3.8.6 | B98: SINAPI | C98: 96532 | D98: =$D$10 -> 45901 | E98: FABRICAÇÃO, MONTAGEM E DESMONTAGEM DE FÔRMA PARA SAPATA, EM MADEIRA SERRADA, E=25 MM, 2 UTILIZAÇÕES. AF_01/2024 | F98: M2 | G98: 20.56 | H98: 170.12 | I98: 1 | J98: =IF(I98=1,(H98*(1+$M$1)),(H98*(1+$M$2))) -> 212.83713 | K98: =J98*G98 -> 4375.9314 | L98: =J98-M98 -> 59.509262 | M98: =VLOOKUP(C98,'% MDO'!$B:$E,4,FALSE)*J98 -> 153.32787
A99: 3.8.7 | B99: SINAPI | C99: 104920 | D99: =$D$10 -> 45901 | E99: ARMAÇÃO DE BLOCO, SAPATA ISOLADA, VIGA BALDRAME E SAPATA CORRIDA UTILIZANDO AÇO CA-50 DE 12,5 MM - MONTAGEM. AF_01/2024 | F99: KG | G99: =50*G100 -> 281.5 | H99: 10.99 | I99: 1 | J99: =IF(I99=1,(H99*(1+$M$1)),(H99*(1+$M$2))) -> 13.749589 | K99: =J99*G99 -> 3870.5093 | L99: =J99-M99 -> 10.734304 | M99: =VLOOKUP(C99,'% MDO'!$B:$E,4,FALSE)*J99 -> 3.0152849
A100: 3.8.8 | B100: SINAPI | C100: 96556 | D100: =$D$10 -> 45901 | E100: CONCRETAGEM DE SAPATA, FCK 30 MPA, COM USO DE JERICA - LANÇAMENTO, ADENSAMENTO E ACABAMENTO. AF_01/2024 | F100: M3 | G100: 5.63 | H100: 948.55 | I100: 1 | J100: =IF(I100=1,(H100*(1+$M$1)),(H100*(1+$M$2))) -> 1186.7309 | K100: =J100*G100 -> 6681.295 | L100: =J100-M100 -> 728.77145 | M100: =VLOOKUP(C100,'% MDO'!$B:$E,4,FALSE)*J100 -> 457.95946
A101: 3.9 | E101: Fundação em Radier para Containers e Mureta da Praça de Alimentação | K101: =SUM(K102:K111) -> 32019.136
...

Sheet COMPOSIÇÕES
A1: COMPOSIÇÕES
A2: FONTE | B2: COD | C2: DESCRIÇÃO | D2: UNIDADE | E2: Coeficiente | F2: Valor unitario | G2: TOTAL | H2: MATERIAL | I2: MDO
A4: Composição | B4: 1 | C4: TOMADA TRIPLA VERMELHA 10A EMBUTIR IP55 A PROVA D'AGUA TEMPO, FORNECIMENTO E INSTALAÇÃO | D4: UNIDADE | E4: Coeficiente | F4: Valor unitario | G4: =SUM(G5:G8) -> 175.5815 | H4: =SUM(H5:H8) -> 125.25989 | I4: =SUM(I5:I8) -> 50.321614 | J4: =I4/G4 -> 0.28659975
A5: SINAPI | B5: 91946 | C5: SUPORTE PARAFUSADO COM PLACA DE ENCAIXE 4" X 2" MÉDIO (1,30 M DO PISO) PARA PONTO ELÉTRICO - FORNECIMENTO E INSTALAÇÃO. AF_03/2023 | D5: UN | E5: 1 | F5: 12.11 | G5: =E5*F5 -> 12.11 | H5: =G5-I5 -> 5.359886 | I5: =VLOOKUP(B5,'% MDO'!$B:$E,4,FALSE)*G5 -> 6.750114
A6: SINAPI | B6: 88264 | C6: ELETRICISTA COM ENCARGOS COMPLEMENTARES | D6: H | E6: 0.826 | F6: 28.75 | G6: =E6*F6 -> 23.7475 | H6: =G6-I6 -> 0 | I6: =VLOOKUP(B6,'% MDO'!$B:$E,4,FALSE)*G6 -> 23.7475
A7: SINAPI | B7: 88247 | C7: AUXILIAR DE ELETRICISTA COM ENCARGOS COMPLEMENTARES | D7: H | E7: 0.826 | F7: 24 | G7: =E7*F7 -> 19.824 | H7: =G7-I7 -> 0 | I7: =VLOOKUP(B7,'% MDO'!$B:$E,4,FALSE)*G7 -> 19.824
A8: COTAÇÃO | B8: COT-11 | C8: Tomada A Prova D'agua Tempo Tripla 10a Embutida 4x2 Kalop | D8: UN | E8: 1 | F8: =COTAÇÕES!B95 -> 119.9 | G8: =E8*F8 -> 119.9 | H8: =G8-I8 -> 119.9 | I8: 0
A10: Composição | B10: 2 | C10: TOMADA INDUSTRIAL DE EMBUTIR 3P+T 30 A, 440 V, COM TRAVA, COM PLACA, FORNECIMENTO E INSTALAÇÃO | D10: UNIDADE | E10: Coeficiente | F10: Valor unitario | G10: =SUM(G11:G14) -> 108.7815 | H10: =SUM(H11:H14) -> 58.459886 | I10: =SUM(I11:I14) -> 50.321614 | J10: =I10/G10 -> 0.46259349
A11: SINAPI | B11: 91946 | C11: SUPORTE PARAFUSADO COM PLACA DE ENCAIXE 4" X 2" MÉDIO (1,30 M DO PISO) PARA PONTO ELÉTRICO - FORNECIMENTO E INSTALAÇÃO. AF_03/2023 | D11: UN | E11: 1 | F11: 12.11 | G11: =E11*F11 -> 12.11 | H11: =G11-I11 -> 5.359886 | I11: =VLOOKUP(B11,'% MDO'!$B:$E,4,FALSE)*G11 -> 6.750114
A12: SINAPI | B12: 88264 | C12: ELETRICISTA COM ENCARGOS COMPLEMENTARES | D12: H | E12: 0.826 | F12: 28.75 | G12: =E12*F12 -> 23.7475 | H12: =G12-I12 -> 0 | I12: =VLOOKUP(B12,'% MDO'!$B:$E,4,FALSE)*G12 -> 23.7475
A13: SINAPI | B13: 88247 | C13: AUXILIAR DE ELETRICISTA COM ENCARGOS COMPLEMENTARES | D13: H | E13: 0.826 | F13: 24 | G13: =E13*F13 -> 19.824 | H13: =G13-I13 -> 0 | I13: =VLOOKUP(B13,'% MDO'!$B:$E,4,FALSE)*G13 -> 19.824
A14: COTAÇÃO | B14: COT-12 | C14: Tomada Industrial Não Metálica Sobrepor Fêmea Tripolar Terra 16A 380/440V Vermelha N4006 Steck | D14: UN | E14: 1 | F14: =COTAÇÕES!B106 -> 53.1 | G14: =E14*F14 -> 53.1 | H14: =G14-I14 -> 53.1 | I14: 0
A16: Composição | B16: 3 | C16: REFLETOR SUBAQUÁTICO 3X9W CADA, LED, 4000K, COM ENCAIXE PARA BICO CHAFARIZ, ILUMINAÇÃO COLORIDA RGB, CONTROLADA POR CONTROLE REMOTO. FORNECIMENTO E INSTALAÇÃO | D16: UNIDADE | E16: Coeficiente | F16: Valor unitario | G16: =SUM(G17:G20) -> 173.53446 | H16: =SUM(H17:H20) -> 135.08498 | I16: =SUM(I17:I20) -> 38.449475 | J16: =I16/G16 -> 0.22156681
A17: SINAPI | B17: 88264 | C17: ELETRICISTA COM ENCARGOS COMPLEMENTARES | D17: H | E17: 0.7289 | F17: 28.75 | G17: =E17*F17 -> 20.955875 | H17: =G17-I17 -> 0 | I17: =VLOOKUP(B17,'% MDO'!$B:$E,4,FALSE)*G17 -> 20.955875
A18: SINAPI | B18: 88247 | C18: AUXILIAR DE ELETRICISTA COM ENCARGOS COMPLEMENTARES | D18: H | E18: 0.7289 | F18: 24 | G18: =E18*F18 -> 17.4936 | H18: =G18-I18 -> 0 | I18: =VLOOKUP(B18,'% MDO'!$B:$E,4,FALSE)*G18 -> 17.4936
A19: COTAÇÃO | B19: COT-13 | C19: Refletor Power Led 9w Rgb Em Policarbonato Iluminação Multicolorida Para Piscina - Luxpool | D19: UN | E19: 1 | F19: =COTAÇÕES!B117 -> 134.93 | G19: =E19*F19 -> 134.93 | H19: =G19-I19 -> 134.93 | I19: 0
A20: SINAPI-I | B20: 21127 | C20: FITA ISOLANTE ADESIVA ANTICHAMA, USO ATE 750 V, EM ROLO DE 19 MM X 5 M | D20: UN | E20: 0.042 | F20: 3.69 | G20: =E20*F20 -> 0.15498 | H20: =G20-I20 -> 0.15498 | I20: 0
A22: Composição | B22: 4 | C22: LUMINÁRIA SPOT DUPLO, PRETO, DE SOBREPOR, MAX 50W CADA LÂMPADA DE LED, INSTALADO NO TOPO DO QUIOSQUE. FORNECIMENTO E INSTALAÇÃO | D22: UNIDADE | E22: Coeficiente | F22: Valor unitario | G22: =SUM(G23:G27) -> 102.21808 | H22: =SUM(H23:H27) -> 78.95498 | I22: =SUM(I23:I27) -> 23.263104 | J22: =I22/G22 -> 0.22758306
A23: SINAPI | B23: 88264 | C23: ELETRICISTA COM ENCARGOS COMPLEMENTARES | D23: H | E23: 0.6417408 | F23: 28.75 | G23: =E23*F23 -> 18.450048 | H23: =G23-I23 -> 0 | I23: =VLOOKUP(B23,'% MDO'!$B:$E,4,FALSE)*G23 -> 18.450048
A24: SINAPI | B24: 88247 | C24: AUXILIAR DE ELETRICISTA COM ENCARGOS COMPLEMENTARES | D24: H | E24: 0.200544 | F24: 24 | G24: =E24*F24 -> 4.813056 | H24: =G24-I24 -> 0 | I24: =VLOOKUP(B24,'% MDO'!$B:$E,4,FALSE)*G24 -> 4.813056
A25: SINAPI-I | B25: 21127 | C25: FITA ISOLANTE ADESIVA ANTICHAMA, USO ATE 750 V, EM ROLO DE 19 MM X 5 M | D25: UN | E25: 0.042 | F25: 3.69 | G25: =E25*F25 -> 0.15498 | H25: =G25-I25 -> 0.15498 | I25: 0
A26: SINAPI-I | B26: 45217 | C26: Luminária Teto 2 Spots Direcionáveis Focus Fit Preto 1282 | D26: UN | E26: 1 | F26: 57 | G26: =E26*F26 -> 57 | H26: =G26-I26 -> 57 | I26: 0
A27: COTAÇÃO | B27: COT-14 | C27: Lâmpada LED PAR20 3000K Branco Quente 7W 36° | D27: UN | E27: 2 | F27: =COTAÇÕES!B128 -> 10.9 | G27: =E27*F27 -> 21.8 | H27: =G27-I27 -> 21.8 | I27: 0
A29: Composição | B29: 5 | C29: TRILHO ELETRIFICADO BRANCO DE 2,00m COM 05 SPOTS DIRECIONÁVEIS CADA. 100W CADA TRILHO. FORNECIMENTO E INSTALAÇÃO | D29: UNIDADE | E29: Coeficiente | F29: Valor unitario | G29: =SUM(G30:G33) -> 189.31808 | H29: =SUM(H30:H33) -> 166.05498 | I29: =SUM(I30:I33) -> 23.263104 | J29: =I29/G29 -> 0.1228784
A30: SINAPI | B30: 88264 | C30: ELETRICISTA COM ENCARGOS COMPLEMENTARES | D30: H | E30: 0.6417408 | F30: 28.75 | G30: =E30*F30 -> 18.450048 | H30: =G30-I30 -> 0 | I30: =VLOOKUP(B30,'% MDO'!$B:$E,4,FALSE)*G30 -> 18.450048
A31: SINAPI | B31: 88247 | C31: AUXILIAR DE ELETRICISTA COM ENCARGOS COMPLEMENTARES | D31: H | E31: 0.200544 | F31: 24 | G31: =E31*F31 -> 4.813056 | H31: =G31-I31 -> 0 | I31: =VLOOKUP(B31,'% MDO'!$B:$E,4,FALSE)*G31 -> 4.813056
A32: SINAPI-I | B32: 21127 | C32: FITA ISOLANTE ADESIVA ANTICHAMA, USO ATE 750 V, EM ROLO DE 19 MM X 5 M | D32: UN | E32: 0.042 | F32: 3.69 | G32: =E32*F32 -> 0.15498 | H32: =G32-I32 -> 0.15498 | I32: 0
A33: COTAÇÃO | B33: COT-15 | C33: Kit Trilho Eletrificado 2m + 5 Spot Led 7w Preto Ou Branco - VLED | D33: UN | E33: 1 | F33: =COTAÇÕES!B139 -> 165.9 | G33: =E33*F33 -> 165.9 | H33: =G33-I33 -> 165.9 | I33: 0
A35: Composição | B35: 6 | C35: BALIZADORES DE PISO EM ALUMÍNIO PRETO 25cm - LED 15W cada 4000K. FORNECIMENTO E INSTALAÇÃO | D35: UNIDADE | E35: Coeficiente | F35: Valor unitario | G35: =SUM(G36:G38) -> 237.55045 | H35: =SUM(H36:H38) -> 205.39 | I35: =SUM(I36:I38) -> 32.160453 | J35: =I35/G35 -> 0.13538367
A36: SINAPI | B36: 88316 | C36: SERVENTE COM ENCARGOS COMPLEMENTARES | D36: H | E36: 0.5127 | F36: 22.36 | G36: =E36*F36 -> 11.463972 | H36: =G36-I36 -> 0 | I36: =VLOOKUP(B36,'% MDO'!$B:$E,4,FALSE)*G36 -> 11.463972
A37: SINAPI | B37: 88309 | C37: PEDREIRO COM ENCARGOS COMPLEMENTARES | D37: H | E37: 0.7691 | F37: 26.91 | G37: =E37*F37 -> 20.696481 | H37: =G37-I37 -> 0 | I37: =VLOOKUP(B37,'% MDO'!$B:$E,4,FALSE)*G37 -> 20.696481
A38: COTAÇÃO | B38: COT-16 | C38: Poste Balizador Led Jardim 10w 3000k Bivolt Ip65 Preto Alut | D38: UN | E38: 1 | F38: =COTAÇÕES!B150 -> 205.39 | G38: =E38*F38 -> 205.39 | H38: =G38-I38 -> 205.39 | I38: 0
A40: Composição | B40: 7 | C40: NICHO EM ALVENARIA, REBOCADO, PARA EMBUTIR QGBT, E POSICIONAR CAIXA DO RELÉ. LAGURA=80CM, ALTURA 140CM, PROFUNDIDADE=14CM. FORNECIMENTO E INSTALAÇÃO | D40: UNIDADE | E40: Coeficiente | F40: Valor unitario | G40: =SUM(G41:G51) -> 1124.4815 | H40: =SUM(H41:H51) -> 628.02565 | I40: =SUM(I41:I51) -> 496.45585 | J40: =I40/G40 -> 0.44149757
A41: SINAPI | B41: 96527 | C41: ESCAVAÇÃO MANUAL PARA VIGA BALDRAME OU SAPATA CORRIDA (INCLUINDO ESCAVAÇÃO PARA COLOCAÇÃO DE FÔRMAS). AF_01/2024 | D41: M3 | E41: =1*0.7*0.5 -> 0.35 | F41: 105.6 | G41: =E41*F41 -> 36.96 | H41: =G41-I41 -> 0 | I41: =VLOOKUP(B41,'% MDO'!$B:$E,4,FALSE)*G41 -> 36.96
A42: SINAPI | B42: 104926 | C42: FABRICAÇÃO, MONTAGEM E DESMONTAGEM DE FÔRMA PARA SAPATA CORRIDA, EM MADEIRA SERRADA, E=25 MM, 2 UTILIZAÇÕES. AF_01/2024 | D42: M2 | E42: =1*0.5*2 -> 1 | F42: 95.57 | G42: =E42*F42 -> 95.57 | H42: =G42-I42 -> 44.717203 | I42: =VLOOKUP(B42,'% MDO'!$B:$E,4,FALSE)*G42 -> 50.852797
A43: SINAPI | B43: 104920 | C43: ARMAÇÃO DE BLOCO, SAPATA ISOLADA, VIGA BALDRAME E SAPATA CORRIDA UTILIZANDO AÇO CA-50 DE 12,5 MM - MONTAGEM. AF_01/2024 | D43: KG | E43: =80*E45 -> 20 | F43: 10.99 | G43: =E43*F43 -> 219.8 | H43: =G43-I43 -> 171.59786 | I43: =VLOOKUP(B43,'% MDO'!$B:$E,4,FALSE)*G43 -> 48.20214
A44: SINAPI | B44: 104916 | C44: ARMAÇÃO DE SAPATA ISOLADA, VIGA BALDRAME E SAPATA CORRIDA UTILIZANDO AÇO CA-60 DE 5 MM - MONTAGEM. AF_01/2024 | D44: KG | E44: =E45*20 -> 5 | F44: 16.79 | G44: =E44*F44 -> 83.95 | H44: =G44-I44 -> 45.45053 | I44: =VLOOKUP(B44,'% MDO'!$B:$E,4,FALSE)*G44 -> 38.49947
A45: SINAPI | B45: 104923 | C45: CONCRETAGEM DE SAPATA CORRIDA, FCK 30 MPA, COM USO DE JERICA - LANÇAMENTO, ADENSAMENTO E ACABAMENTO. AF_01/2024 | D45: M3 | E45: =1*0.5*0.5 -> 0.25 | F45: 853.15 | G45: =E45*F45 -> 213.2875 | H45: =G45-I45 -> 145.50473 | I45: =VLOOKUP(B45,'% MDO'!$B:$E,4,FALSE)*G45 -> 67.782768
A46: SINAPI | B46: 103360 | C46: ALVENARIA DE VEDAÇÃO DE BLOCOS CERÂMICOS FURADOS NA HORIZONTAL DE 14X19X29 CM (ESPESSURA 14 CM) E ARGAMASSA DE ASSENTAMENTO COM PREPARO EM BETONEIRA. AF_12/2021 | D46: M2 | E46: =1.4*0.8 -> 1.12 | F46: 81.3 | G46: =E46*F46 -> 91.056 | H46: =G46-I46 -> 41.084467 | I46: =VLOOKUP(B46,'% MDO'!$B:$E,4,FALSE)*G46 -> 49.971533
A47: SINAPI | B47: 87905 | C47: CHAPISCO APLICADO EM ALVENARIA (COM PRESENÇA DE VÃOS) E ESTRUTURAS DE CONCRETO DE FACHADA, COM COLHER DE PEDREIRO. ARGAMASSA TRAÇO 1:3 COM PREPARO EM BETONEIRA 400L. AF_10/2022 | D47: M2 | E47: =(E46*2)+(0.15*(0.8+1.4+1.4)) -> 2.78 | F47: 8.25 | G47: =E47*F47 -> 22.935 | H47: =G47-I47 -> 5.031939 | I47: =VLOOKUP(B47,'% MDO'!$B:$E,4,FALSE)*G47 -> 17.903061
A48: SINAPI | B48: 104217 | C48: EMBOÇO OU MASSA ÚNICA EM ARGAMASSA TRAÇO 1:2:8, PREPARO MECÂNICA COM BETONEIRA 400 L, APLICADA MANUALMENTE EM PANOS DE FACHADA COM PRESENÇA DE VÃOS, ESPESSURA DE 25 MM, ACESSO POR ANDAIME. AF_08/2022 | D48: M2 | E48: =E47 -> 2.78 | F48: 51.91 | G48: =E48*F48 -> 144.3098 | H48: =G48-I48 -> 48.791143 | I48: =VLOOKUP(B48,'% MDO'!$B:$E,4,FALSE)*G48 -> 95.518657
A49: SINAPI | B49: 96135 | C49: APLICAÇÃO MANUAL DE MASSA ACRÍLICA EM PAREDES EXTERNAS DE CASAS, DUAS DEMÃOS. AF_03/2024 | D49: M2 | E49: =E48 -> 2.78 | F49: 31.53 | G49: =E49*F49 -> 87.6534 | H49: =G49-I49 -> 30.827701 | I49: =VLOOKUP(B49,'% MDO'!$B:$E,4,FALSE)*G49 -> 56.825699
A50: SINAPI | B50: 104642 | C50: PINTURA LÁTEX ACRÍLICA STANDARD, APLICAÇÃO MANUAL EM PAREDES, DUAS DEMÃOS. AF_04/2023 | D50: M2 | E50: =E49 -> 2.78 | F50: 11.41 | G50: =E50*F50 -> 31.7198 | H50: =G50-I50 -> 15.399963 | I50: =VLOOKUP(B50,'% MDO'!$B:$E,4,FALSE)*G50 -> 16.319837
A51: SINAPI | B51: 98689 | C51: SOLEIRA EM GRANITO, LARGURA 15 CM, ESPESSURA 2,0 CM. AF_09/2020 | D51: M | E51: 0.85 | F51: 114.4 | G51: =E51*F51 -> 97.24 | H51: =G51-I51 -> 79.620112 | I51: =VLOOKUP(B51,'% MDO'!$B:$E,4,FALSE)*G51 -> 17.619888
A53: Composição | B53: 8 | C53: NICHO EM ALVENARIA, REBOCADO, PARA EMBUTIR QGBT, E POSICIONAR CAIXA DO RELÉ. LAGURA=120CM, ALTURA 160CM, PROFUNDIDADE=19CM. FORNECIMENTO E INSTALAÇÃO | D53: UNIDADE | E53: Coeficiente | F53: Valor unitario | G53: =SUM(G54:G65) -> 1672.4405 | H53: =SUM(H54:H64) -> 919.65002 | I53: =SUM(I54:I64) -> 752.79048 | J53: =I53/G53 -> 0.45011496
A54: SINAPI | B54: 96527 | C54: ESCAVAÇÃO MANUAL PARA VIGA BALDRAME OU SAPATA CORRIDA (INCLUINDO ESCAVAÇÃO PARA COLOCAÇÃO DE FÔRMAS). AF_01/2024 | D54: M3 | E54: =1.4*0.7*0.5 -> 0.49 | F54: 105.6 | G54: =E54*F54 -> 51.744 | H54: =G54-I54 -> 0 | I54: =VLOOKUP(B54,'% MDO'!$B:$E,4,FALSE)*G54 -> 51.744
A55: SINAPI | B55: 104926 | C55: FABRICAÇÃO, MONTAGEM E DESMONTAGEM DE FÔRMA PARA SAPATA CORRIDA, EM MADEIRA SERRADA, E=25 MM, 2 UTILIZAÇÕES. AF_01/2024 | D55: M2 | E55: =1.4*0.5*2 -> 1.4 | F55: 95.57 | G55: =E55*F55 -> 133.798 | H55: =G55-I55 -> 62.604084 | I55: =VLOOKUP(B55,'% MDO'!$B:$E,4,FALSE)*G55 -> 71.193916
A56: SINAPI | B56: 104920 | C56: ARMAÇÃO DE BLOCO, SAPATA ISOLADA, VIGA BALDRAME E SAPATA CORRIDA UTILIZANDO AÇO CA-50 DE 12,5 MM - MONTAGEM. AF_01/2024 | D56: KG | E56: =80*E58 -> 28 | F56: 10.99 | G56: =E56*F56 -> 307.72 | H56: =G56-I56 -> 240.237 | I56: =VLOOKUP(B56,'% MDO'!$B:$E,4,FALSE)*G56 -> 67.482996
A57: SINAPI | B57: 104916 | C57: ARMAÇÃO DE SAPATA ISOLADA, VIGA BALDRAME E SAPATA CORRIDA UTILIZANDO AÇO CA-60 DE 5 MM - MONTAGEM. AF_01/2024 | D57: KG | E57: =E58*20 -> 7 | F57: 16.79 | G57: =E57*F57 -> 117.53 | H57: =G57-I57 -> 63.630742 | I57: =VLOOKUP(B57,'% MDO'!$B:$E,4,FALSE)*G57 -> 53.899258
A58: SINAPI | B58: 104923 | C58: CONCRETAGEM DE SAPATA CORRIDA, FCK 30 MPA, COM USO DE JERICA - LANÇAMENTO, ADENSAMENTO E ACABAMENTO. AF_01/2024 | D58: M3 | E58: =1.4*0.5*0.5 -> 0.35 | F58: 853.15 | G58: =E58*F58 -> 298.6025 | H58: =G58-I58 -> 203.70663 | I58: =VLOOKUP(B58,'% MDO'!$B:$E,4,FALSE)*G58 -> 94.895874
A59: SINAPI | B59: 103360 | C59: ALVENARIA DE VEDAÇÃO DE BLOCOS CERÂMICOS FURADOS NA HORIZONTAL DE 14X19X29 CM (ESPESSURA 14 CM) E ARGAMASSA DE ASSENTAMENTO COM PREPARO EM BETONEIRA. AF_12/2021 | D59: M2 | E59: =1.6*1.2 -> 1.92 | F59: 81.3 | G59: =E59*F59 -> 156.096 | H59: =G59-I59 -> 70.430515 | I59: =VLOOKUP(B59,'% MDO'!$B:$E,4,FALSE)*G59 -> 85.665485
A60: SINAPI | B60: 87905 | C60: CHAPISCO APLICADO EM ALVENARIA (COM PRESENÇA DE VÃOS) E ESTRUTURAS DE CONCRETO DE FACHADA, COM COLHER DE PEDREIRO. ARGAMASSA TRAÇO 1:3 COM PREPARO EM BETONEIRA 400L. AF_10/2022 | D60: M2 | E60: =(E59*2)+(0.15*(1.2+1.6+1.6)) -> 4.5 | F60: 8.25 | G60: =E60*F60 -> 37.125 | H60: =G60-I60 -> 8.145225 | I60: =VLOOKUP(B60,'% MDO'!$B:$E,4,FALSE)*G60 -> 28.979775
A61: SINAPI | B61: 104217 | C61: EMBOÇO OU MASSA ÚNICA EM ARGAMASSA TRAÇO 1:2:8, PREPARO MECÂNICA COM BETONEIRA 400 L, APLICADA MANUALMENTE EM PANOS DE FACHADA COM PRESENÇA DE VÃOS, ESPESSURA DE 25 MM, ACESSO POR ANDAIME. AF_08/2022 | D61: M2 | E61: =E60 -> 4.5 | F61: 51.91 | G61: =E61*F61 -> 233.595 | H61: =G61-I61 -> 78.978469 | I61: =VLOOKUP(B61,'% MDO'!$B:$E,4,FALSE)*G61 -> 154.61653
A62: SINAPI | B62: 96135 | C62: APLICAÇÃO MANUAL DE MASSA ACRÍLICA EM PAREDES EXTERNAS DE CASAS, DUAS DEMÃOS. AF_03/2024 | D62: M2 | E62: =E61 -> 4.5 | F62: 31.53 | G62: =E62*F62 -> 141.885 | H62: =G62-I62 -> 49.900954 | I62: =VLOOKUP(B62,'% MDO'!$B:$E,4,FALSE)*G62 -> 91.984045
A63: SINAPI | B63: 104642 | C63: PINTURA LÁTEX ACRÍLICA STANDARD, APLICAÇÃO MANUAL EM PAREDES, DUAS DEMÃOS. AF_04/2023 | D63: M2 | E63: =E62 -> 4.5 | F63: 11.41 | G63: =E63*F63 -> 51.345 | H63: =G63-I63 -> 24.927998 | I63: =VLOOKUP(B63,'% MDO'!$B:$E,4,FALSE)*G63 -> 26.417002
A64: SINAPI | B64: 98689 | C64: SOLEIRA EM GRANITO, LARGURA 15 CM, ESPESSURA 2,0 CM. AF_09/2020 | D64: M | E64: 1.25 | F64: 114.4 | G64: =E64*F64 -> 143 | H64: =G64-I64 -> 117.0884 | I64: =VLOOKUP(B64,'% MDO'!$B:$E,4,FALSE)*G64 -> 25.9116
A66: Composição | B66: 9 | C66: REMOÇÃO DE BANCO PRÉ-FABRICADO DE CONCRETO COM ENCOSTO, SOBRE PISO DE CONCRETO EXISTENTE | D66: UNIDADE | E66: Coeficiente | F66: Valor unitario | G66: =SUM(G67:G70) -> 195.72 | H66: =SUM(H67:H70) -> 0.513037 | I66: =SUM(I67:I70) -> 195.20696 | J66: =I66/G66 -> 0.99737872
A67: SINAPI | B67: 88316 | C67: SERVENTE COM ENCARGOS COMPLEMENTARES | D67: H | E67: 2.7612 | F67: 22.36 | G67: 61.74 | H67: =G67-I67 -> 0 | I67: =VLOOKUP(B67,'% MDO'!$B:$E,4,FALSE)*G67 -> 61.74
A68: SINAPI | B68: 88309 | C68: PEDREIRO COM ENCARGOS COMPLEMENTARES | D68: H | E68: 4.1418 | F68: 26.91 | G68: 111.45 | H68: =G68-I68 -> 0 | I68: =VLOOKUP(B68,'% MDO'!$B:$E,4,FALSE)*G68 -> 111.45
A69: SINAPI | B69: 5952 | C69: MARTELETE OU ROMPEDOR PNEUMÁTICO MANUAL, 28 KG, COM SILENCIADOR - CHI DIURNO. AF_07/2016 | D69: CHI | E69: 0.517 | F69: 33.47 | G69: 17.3 | H69: =G69-I69 -> 0.32005 | I69: =VLOOKUP(B69,'% MDO'!$B:$E,4,FALSE)*G69 -> 16.97995
A70: SINAPI | B70: 5795 | C70: MARTELETE OU ROMPEDOR PNEUMÁTICO MANUAL, 28 KG, COM SILENCIADOR - CHP DIURNO. AF_07/2016 | D70: CHP | E70: 0.1536 | F70: 34.11 | G70: 5.23 | H70: =G70-I70 -> 0.192987 | I70: =VLOOKUP(B70,'% MDO'!$B:$E,4,FALSE)*G70 -> 5.037013
A72: Composição | B72: 10 | C72: CONJUNTO DE BANCOS COM ENCOSTO E SEM ENCOSTO PARA AS ÁREAS DE RECUOS | D72: UNIDADE | E72: Coeficiente | F72: Valor unitario | G72: =SUM(G73:G80) -> 2027.7134 | H72: =SUM(H73:H80) -> 1673.255 | I72: =SUM(I73:I80) -> 354.45839 | J72: =I72/G72 -> 0.17480695
A73: SINAPI | B73: 103685 | C73: CONCRETAGEM DE MURETAS, FCK=25 MPA, COM USO DE BOMBA - LANÇAMENTO, ADENSAMENTO E ACABAMENTO. AF_02/2022_PS | D73: m3 | E73: 1.1 | F73: 707.17 | G73: =E73*F73 -> 777.887 | H73: =G73-I73 -> 726.54646 | I73: =VLOOKUP(B73,'% MDO'!$B:$E,4,FALSE)*G73 -> 51.340542
A74: SINAPI | B74: 95947 | C74: ARMAÇÃO DE ESCADA, DE UMA ESTRUTURA CONVENCIONAL DE CONCRETO ARMADO UTILIZANDO AÇO CA-50 DE 12,5 MM - MONTAGEM. AF_11/2020 | D74: kg | E74: =50*E73 -> 55 | F74: 9.98 | G74: =E74*F74 -> 548.9 | H74: =G74-I74 -> 471.34043 | I74: =VLOOKUP(B74,'% MDO'!$B:$E,4,FALSE)*G74 -> 77.55957
A75: SINAPI | B75: 96534 | C75: FABRICAÇÃO, MONTAGEM E DESMONTAGEM DE FÔRMA PARA BLOCO DE COROAMENTO, EM MADEIRA SERRADA, E=25 MM, 4 UTILIZAÇÕES. AF_01/2024 | D75: M2 | E75: =E77 -> 3.12 | F75: 72.72 | G75: =E75*F75 -> 226.8864 | H75: =G75-I75 -> 67.181063 | I75: =VLOOKUP(B75,'% MDO'!$B:$E,4,FALSE)*G75 -> 159.70534
A76: SINAPI-I | B76: 4299 | C76: PARAFUSO ZINCADO ROSCA SOBERBA, CABECA SEXTAVADA, 5/16" X 110 MM, PARA FIXACAO DE TELHA EM MADEIRA | D76: kg | E76: 1 | F76: 1.29 | G76: =E76*F76 -> 1.29 | H76: =G76-I76 -> 1.29 | I76: 0
A77: SINAPI | B77: 3993 | C77: TABUA APARELHADA *2,5 X 15* CM, EM MACARANDUBA/MASSARANDUBA, ANGELIM OU EQUIVALENTE DA REGIAO | D77: M2 | E77: =E78 -> 3.12 | F77: 114.45 | G77: =E77*F77 -> 357.084 | H77: =G77-I77 -> 357.084 | I77: 0
A78: SINAPI | B78: 102224 | C78: PINTURA VERNIZ (INCOLOR) ALQUÍDICO EM MADEIRA, USO INTERNO, 3 DEMÃOS. AF_01/2021 | D78: M2 | E78: =(0.36+0.42)*4 -> 3.12 | F78: 32.8 | G78: =E78*F78 -> 102.336 | H78: =G78-I78 -> 39.215155 | I78: =VLOOKUP(B78,'% MDO'!$B:$E,4,FALSE)*G78 -> 63.120845
A79: SINAPI | B79: 102486 | C79: CONCRETO FCK = 15MPA, TRAÇO 1:3,4:3,4 (EM MASSA SECA DE CIMENTO/ AREIA MÉDIA/ SEIXO ROLADO) - PREPARO MANUAL. AF_05/2021 | D79: M3 | E79: =0.02*3 -> 0.06 | F79: 664.13 | G79: 13.01 | H79: =G79-I79 -> 10.2779 | I79: =VLOOKUP(B79,'% MDO'!$B:$E,4,FALSE)*G79 -> 2.7321
A80: SINAPI-I | B80: 4721 | C80: PEDRA BRITADA N. 1 (9,5 A 19 MM) POSTO PEDREIRA/FORNECEDOR, SEM FRETE | D80: M3 | E80: =0.0034*3 -> 0.0102 | F80: 94.5 | G80: 0.32 | H80: =G80-I80 -> 0.32 | I80: 0
A82: Composição | B82: 11 | C82: BANCO COLMÉIA EM METÁLICA E MADEIRA | D82: UNIDADE | E82: Coeficiente | F82: Valor unitario | G82: =SUM(G83:G88) -> 1089.7559 | H82: =SUM(H83:H87) -> 686.59283 | I82: =SUM(I83:I87) -> 403.16308 | J82: =I82/G82 -> 0.36995724
A83: SINAPI | B83: 88278 | C83: MONTADOR DE ESTRUTURAS METÁLICAS COM ENCARGOS COMPLEMENTARES | D83: H | E83: =8*1.5 -> 12 | F83: 31.47 | G83: =E83*F83 -> 377.64 | H83: =G83-I83 -> 0 | I83: =VLOOKUP(B83,'% MDO'!$B:$E,4,FALSE)*G83 -> 377.64
A84: SINAPI | B84: COT-20 | C84: TUBOS METALICOS 50X50X2 | D84: BA | E84: =(((0.87+0.87+0.87+0.83+0.83+0.42+0.42+0.4+0.4)*2)+(0.5*12))/6 -> 2.97 | F84: =COTAÇÕES!B194 -> 174.15 | G84: =E84*F84 -> 517.2255 | H84: =G84-I84 -> 517.2255 | I84: 0
A85: SINAPI | B85: 100751 | C85: PINTURA COM TINTA EPOXÍDICA DE ACABAMENTO PULVERIZADA SOBRE PERFIL METÁLICO EXECUTADO EM FÁBRICA (02 DEMÃOS). AF_01/2020_PE | D85: M2 | E85: =E84*(0.05*4) -> 0.594 | F85: 43.84 | G85: =E85*F85 -> 26.04096 | H85: =G85-I85 -> 23.884769 | I85: =VLOOKUP(B85,'% MDO'!$B:$E,4,FALSE)*G85 -> 2.1561915
A86: SINAPI | B86: 3993 | C86: TABUA APARELHADA *2,5 X 15* CM, EM MACARANDUBA/MASSARANDUBA, ANGELIM OU EQUIVALENTE DA REGIAO | D86: M2 | E86: =(0.5*0.87)+((0.32+0.32+0.4+0.4)*0.5) -> 1.155 | F86: 114.45 | G86: =E86*F86 -> 132.18975 | H86: =G86-I86 -> 132.18975 | I86: 0
A87: SINAPI | B87: 102223 | C87: PINTURA VERNIZ (INCOLOR) ALQUÍDICO EM MADEIRA, USO INTERNO E EXTERNO, 3 DEMÃOS. AF_01/2021 | D87: M2 | E87: =E86 -> 1.155 | F87: 31.74 | G87: =E87*F87 -> 36.6597 | H87: =G87-I87 -> 13.292807 | I87: =VLOOKUP(B87,'% MDO'!$B:$E,4,FALSE)*G87 -> 23.366893
A89: Composição | B89: 12 | C89: BANCO COM MESINHA COLMÉIA EM METÁLICA E MADEIRA | D89: UNIDADE | E89: Coeficiente | F89: Valor unitario | G89: =SUM(G90:G97) -> 5163.1186 | H89: =SUM(H90:H96) -> 4600.1204 | I89: =SUM(I90:I96) -> 562.99818 | J89: =I89/G89 -> 0.10904227
A90: COTAÇÃO | B90: COT-17 | C90: Chapa Policarbonato Compacto Cristal - Incolor 10mm 1,0x2,0m | D90: M2 | E90: =(1.29+1.29)*1.5 -> 3.87 | F90: =COTAÇÕES!B161 -> 632.5 | G90: =E90*F90 -> 2447.775 | H90: =G90-I90 -> 2447.775 | I90: 0
A91: COTAÇÃO | B91: COT-18 | C91: Chapa De Policarbonato Alveolar Cores Placa 2,10x3,00 6mm | D91: M2 | E91: =1.25*1.5*3 -> 5.625 | F91: =COTAÇÕES!B172 -> 61.080952 | G91: =E91*F91 -> 343.58036 | H91: =G91-I91 -> 343.58036 | I91: 0
A92: SINAPI | B92: 88278 | C92: MONTADOR DE ESTRUTURAS METÁLICAS COM ENCARGOS COMPLEMENTARES | D92: H | E92: =8*2 -> 16 | F92: 31.47 | G92: =E92*F92 -> 503.52 | H92: =G92-I92 -> 0 | I92: =VLOOKUP(B92,'% MDO'!$B:$E,4,FALSE)*G92 -> 503.52
A93: SINAPI | B93: COT-19 | C93: TUBOS METALICOS 70X70X2 | D93: BA | E93: =(((1.29+1.29+1.25+1.29+1.29+1.25+0.44+0.44+0.4+0.4)*2)+(1.5*8)+(1.25+0.85+0.63+0.63+1.5+1.5))/6 -> 6.1733333 | F93: =COTAÇÕES!B183 -> 228.08 | G93: =E93*F93 -> 1408.0139 | H93: =G93-I93 -> 1408.0139 | I93: 0
A94: SINAPI | B94: 100751 | C94: PINTURA COM TINTA EPOXÍDICA DE ACABAMENTO PULVERIZADA SOBRE PERFIL METÁLICO EXECUTADO EM FÁBRICA (02 DEMÃOS). AF_01/2020_PE | D94: M2 | E94: =E93*(0.07*4) -> 1.7285333 | F94: 43.84 | G94: =E94*F94 -> 75.778901 | H94: =G94-I94 -> 69.504408 | I94: =VLOOKUP(B94,'% MDO'!$B:$E,4,FALSE)*G94 -> 6.274493
A95: SINAPI | B95: 3993 | C95: TABUA APARELHADA *2,5 X 15* CM, EM MACARANDUBA/MASSARANDUBA, ANGELIM OU EQUIVALENTE DA REGIAO | D95: M2 | E95: =(0.32+0.4+0.4032+0.63)*1.5 -> 2.6298 | F95: 114.45 | G95: =E95*F95 -> 300.98061 | H95: =G95-I95 -> 300.98061 | I95: 0
A96: SINAPI | B96: 102223 | C96: PINTURA VERNIZ (INCOLOR) ALQUÍDICO EM MADEIRA, USO INTERNO E EXTERNO, 3 DEMÃOS. AF_01/2021 | D96: M2 | E96: =E95 -> 2.6298 | F96: 31.74 | G96: =E96*F96 -> 83.469852 | H96: =G96-I96 -> 30.266168 | I96: =VLOOKUP(B96,'% MDO'!$B:$E,4,FALSE)*G96 -> 53.203684
A98: Composição | B98: 13 | C98: Caixa de comando IP65 para rele fotovoltáico. Caixa De Montagem Pvc 280x180x90cm Ip65 Fornecimento e Instalação | D98: UNIDADE | E98: Coeficiente | F98: Valor unitario | G98: =SUM(G99:G101) -> 159.75 | H98: =SUM(H99:H101) -> 119 | I98: =SUM(I99:I101) -> 40.75 | J98: =I98/G98 -> 0.25508607
A99: COTAÇÃO | B99: COT-21 | C99: Caixa de comando IP65 para rele fotovoltáico. Caixa De Montagem Pvc 280x180x90cm Ip65 Tampa Transparente | D99: UN | E99: 1 | F99: 119 | G99: =E99*F99 -> 119 | H99: =G99-I99 -> 119 | I99: 0
A100: SINAPI | B100: 88264 | C100: ELETRICISTA COM ENCARGOS COMPLEMENTARES | D100: H | E100: 1 | F100: 28.75 | G100: =E100*F100 -> 28.75 | H100: =G100-I100 -> 0 | I100: =VLOOKUP(B100,'% MDO'!$B:$E,4,FALSE)*G100 -> 28.75
A101: SINAPI | B101: 88247 | C101: AUXILIAR DE ELETRICISTA COM ENCARGOS COMPLEMENTARES | D101: H | E101: 0.5 | F101: 24 | G101: =E101*F101 -> 12 | H101: =G101-I101 -> 0 | I101: =VLOOKUP(B101,'% MDO'!$B:$E,4,FALSE)*G101 -> 12
A103: Composição | B103: 14 | C103: LIXEIRA DUPLA, COM CAPACIDADE VOLUMETRICA DE 60L FORNECIMENTO E INSTALAÇÃO | D103: UNIDADE | E103: Coeficiente | F103: Valor unitario | G103: =G104+G105+G106+G107 -> 1319.6058 | H103: =SUM(H104:H107) -> 1267.327 | I103: =SUM(I104:I107) -> 52.278815 | J103: =I103/G103 -> 0.039616994
A104: SINAPI-I | B104: 42440 | C104: LIXEIRA DUPLA, COM CAPACIDADE VOLUMETRICA DE 60L*, FABRICADA EM TUBO DE ACO CARBONO, CESTOS EM CHAPA DE ACO E PINTURA NO PROCESSO ELETROSTATICO - PARA ACADEMIA AO AR LIVRE / ACADEMIA DA TERCEIRA IDADE - ATI | D104: UN | E104: 1 | F104: 1235.91 | G104: =E104*F104 -> 1235.91 | H104: =G104-I104 -> 1235.91 | I104: 0
A105: SINAPI | B105: 88316 | C105: SERVENTE COM ENCARGOS COMPLEMENTARES | D105: H | E105: 1 | F105: 22.36 | G105: =E105*F105 -> 22.36 | H105: =G105-I105 -> 0 | I105: =VLOOKUP(B105,'% MDO'!$B:$E,4,FALSE)*G105 -> 22.36
A106: SINAPI | B106: 88309 | C106: PEDREIRO COM ENCARGOS COMPLEMENTARES | D106: H | E106: 1 | F106: 26.91 | G106: =E106*F106 -> 26.91 | H106: =G106-I106 -> 0 | I106: =VLOOKUP(B106,'% MDO'!$B:$E,4,FALSE)*G106 -> 26.91
A107: SINAPI | B107: 87382 | C107: ARGAMASSA INDUSTRIALIZADA MULTIUSO PARA REVESTIMENTOS E ASSENTAMENTO DA ALVENARIA, PREPARO COM MISTURADOR DE EIXO HORIZONTAL DE 160 KG. AF_08/2019 | D107: M3 | E107: 0.02 | F107: 1721.29 | G107: =E107*F107 -> 34.4258 | H107: =G107-I107 -> 31.416985 | I107: =VLOOKUP(B107,'% MDO'!$B:$E,4,FALSE)*G107 -> 3.0088149
A109: Composição | B109: 15 | C109: TOMADA INDUSTRIAL DE EMBUTIR 3P+T 30 A, 440 V, COM TRAVA, COM PLACA. FORNECIMENTO E INSTALAÇÃO | D109: UNIDADE | E109: Coeficiente | F109: Valor unitario | G109: =G110+G111+G112 -> 81.225 | H109: =SUM(H110:H112) -> 54.85 | I109: =SUM(I110:I112) -> 26.375 | J109: =I109/G109 -> 0.3247153
A110: SINAPI-I | B110: 7525 | C110: TOMADA INDUSTRIAL DE EMBUTIR 3P+T 30 A, 440 V, COM TRAVA, COM PLACA | D110: UN | E110: 1 | F110: 54.85 | G110: =E110*F110 -> 54.85 | H110: =G110-I110 -> 54.85 | I110: 0
A111: SINAPI | B111: 88264 | C111: ELETRICISTA COM ENCARGOS COMPLEMENTARES | D111: H | E111: 0.5 | F111: 28.75 | G111: =E111*F111 -> 14.375 | H111: =G111-I111 -> 0 | I111: =VLOOKUP(B111,'% MDO'!$B:$E,4,FALSE)*G111 -> 14.375
A112: SINAPI | B112: 88247 | C112: AUXILIAR DE ELETRICISTA COM ENCARGOS COMPLEMENTARES | D112: H | E112: 0.5 | F112: 24 | G112: =E112*F112 -> 12 | H112: =G112-I112 -> 0 | I112: =VLOOKUP(B112,'% MDO'!$B:$E,4,FALSE)*G112 -> 12
A114: Composição | B114: 16 | C114: POSTE DE CONCRETO ARMADO DE SECAO CIRCULAR, EXTENSAO DE 9,00 M, RESISTENCIA DE 300 A 400 DAN, FORNECIMENTO E INSTALAÇÃO | D114: UNIDADE | E114: Coeficiente | F114: Valor unitario | G114: =G115+G116 -> 2250.52 | H114: =SUM(H115:H116) -> 1966.1183 | I114: =SUM(I115:I116) -> 284.40171 | J114: =I114/G114 -> 0.12637155
A115: SINAPI-I | B115: 5059 | C115: POSTE DE CONCRETO ARMADO DE SECAO CIRCULAR, EXTENSAO DE 9,00 M, RESISTENCIA DE 300 A 400 DAN, TIPO C-17 | D115: UN | E115: 1 | F115: 1380.79 | G115: =E115*F115 -> 1380.79 | H115: =G115-I115 -> 1380.79 | I115: 0
A116: SINAPI | B116: 100601 | C116: ASSENTAMENTO DE POSTE DE CONCRETO COM COMPRIMENTO NOMINAL DE 9 M, CARGA NOMINAL DE 400 DAN, ENGASTAMENTO BASE CONCRETADA COM 1 M DE CONCRETO E 0,5 M DE SOLO (NÃO INCLUI FORNECIMENTO). AF_04/2025 | D116: UN | E116: 1 | F116: 869.73 | G116: =E116*F116 -> 869.73 | H116: =G116-I116 -> 585.32829 | I116: =VLOOKUP(B116,'% MDO'!$B:$E,4,FALSE)*G116 -> 284.40171
...

Sheet CRONOGRAMA
A1: CRONOGRAMA FÍSICO - FINANCEIRO R02
A2: ORLA RIO DO MEL IRAÍ/RS | C2: Início: | D2: 46143
A3: MUNICÍIPIO DE IRAÍ/RS | C3: Término: | D3: 46508
C4: Duração: | D4: 12 meses
A6: Item | B6: Descrição | C6: Peso | D6: Valor Orçado | E6: MÊS 1 | G6: MÊS 2 | I6: MÊS 3 | K6: MÊS 4 | M6: MÊS 5 | O6: MÊS 6
E7: Valor | F7: % | G7: Valor | H7: % | I7: Valor | J7: % | K7: Valor | L7: % | M7: Valor | N7: % | O7: Valor | P7: %
A8: 1 | B8: =ORÇAMENTO!E9 -> SERVIÇOS PRELIMINARES | C8: =D8/$D$17 -> 0.0018418513 | D8: =ORÇAMENTO!K9 -> 8817.1022 | E8: =$D8*F8 -> 8817.1022 | F8: 1 | G8: =$D8*H8 -> 0 | I8: =$D8*J8 -> 0 | K8: =$D8*L8 -> 0 | M8: =$D8*N8 -> 0 | O8: =$D8*P8 -> 0
A9: 2 | B9: =ORÇAMENTO!E14 -> ADMINISTRAÇÃO LOCAL | C9: =D9/$D$17 -> 0.041656251 | D9: =ORÇAMENTO!K14 -> 199412.1 | E9: =$D9*F9 -> 16617.675 | F9: =1/12 -> 0.083333333 | G9: =$D9*H9 -> 16617.675 | H9: =F9 -> 0.083333333 | I9: =$D9*J9 -> 16617.675 | J9: =H9 -> 0.083333333 | K9: =$D9*L9 -> 16617.675 | L9: =J9 -> 0.083333333 | M9: =$D9*N9 -> 16617.675 | N9: =L9 -> 0.083333333 | O9: =$D9*P9 -> 16617.675 | P9: =N9 -> 0.083333333
A10: 3 | B10: FUNDAÇÕES | C10: =D10/$D$17 -> 0.14391463 | D10: =ORÇAMENTO!K21 -> 688931.85 | E10: =$D10*F10 -> 172232.96 | F10: 0.25 | G10: =$D10*H10 -> 137786.37 | H10: 0.2 | I10: =$D10*J10 -> 137786.37 | J10: 0.2 | K10: =$D10*L10 -> 120563.07 | L10: 0.175 | M10: =$D10*N10 -> 120563.07 | N10: 0.175 | O10: =$D10*P10 -> 0
A11: 4 | B11: SUPRAESTRUTURA | C11: =D11/$D$17 -> 0.10356257 | D11: =ORÇAMENTO!K149 -> 495763.01 | E11: =$D11*F11 -> 0 | G11: =$D11*H11 -> 0 | I11: =$D11*J11 -> 0 | K11: =$D11*L11 -> 74364.451 | L11: 0.15 | M11: =$D11*N11 -> 74364.451 | N11: 0.15 | O11: =$D11*P11 -> 123940.75 | P11: 0.25
A12: 5 | B12: ESTRUTURAS METÁLICAS | C12: =D12/$D$17 -> 0.29910151 | D12: =ORÇAMENTO!K269 -> 1431824.9 | E12: =$D12*F12 -> 0 | G12: =$D12*H12 -> 0 | I12: =$D12*J12 -> 0 | K12: =$D12*L12 -> 214773.74 | L12: 0.15 | M12: =$D12*N12 -> 214773.74 | N12: 0.15 | O12: =$D12*P12 -> 357956.24 | P12: 0.25
A13: 6 | B13: =ORÇAMENTO!E307 -> INSTALAÇÕES ELÉTRICAS | C13: =D13/$D$17 -> 0.11953354 | D13: =ORÇAMENTO!K307 -> 572217.45 | E13: =$D13*F13 -> 0 | G13: =$D13*H13 -> 0 | I13: =$D13*J13 -> 0 | K13: =$D13*L13 -> 0 | M13: =$D13*N13 -> 0 | O13: =$D13*P13 -> 57221.745 | P13: 0.1
A14: 7 | B14: =ORÇAMENTO!E498 -> INSTALAÇÕES HIDROSSANITÁRIAS | C14: =D14/$D$17 -> 0.019928143 | D14: =ORÇAMENTO!K498 -> 95397.755 | E14: =$D14*F14 -> 0 | G14: =$D14*H14 -> 0 | I14: =$D14*J14 -> 0 | K14: =$D14*L14 -> 0 | M14: =$D14*N14 -> 0 | O14: =$D14*P14 -> 19079.551 | P14: 0.2
A15: 8 | B15: =ORÇAMENTO!E593 -> PISOS | C15: =D15/$D$17 -> 0.21422075 | D15: =ORÇAMENTO!K593 -> 1025493.4 | E15: =$D15*F15 -> 51274.669 | F15: 0.05 | G15: =$D15*H15 -> 102549.34 | H15: 0.1 | I15: =$D15*J15 -> 102549.34 | J15: 0.1 | K15: =$D15*L15 -> 102549.34 | L15: 0.1 | M15: =$D15*N15 -> 102549.34 | N15: 0.1 | O15: =$D15*P15 -> 0
A16: 9 | B16: =ORÇAMENTO!E622 -> MOBILIÁRIO URBANO E PAISAGISMO | C16: =D16/$D$17 -> 0.056240758 | D16: =ORÇAMENTO!K622 -> 269229.4 | E16: =$D16*F16 -> 0 | G16: =$D16*H16 -> 0 | I16: =$D16*J16 -> 0 | K16: =$D16*L16 -> 0 | M16: =$D16*N16 -> 0 | O16: =$D16*P16 -> 0
A17: TOTAL | C17: =SUM(C8:C16) -> 1 | D17: =SUM(D8:D16) -> 4787087 | E17: =SUM(E8:E16) -> 248942.41 | F17: =E17/$D$17 -> 0.0520029 | G17: =SUM(G8:G16) -> 256953.38 | H17: =G17/$D$17 -> 0.053676355 | I17: =SUM(I8:I16) -> 256953.38 | J17: =I17/$D$17 -> 0.053676355 | K17: =SUM(K8:K16) -> 528868.28 | L17: =K17/$D$17 -> 0.1104781 | M17: =SUM(M8:M16) -> 528868.28 | N17: =M17/$D$17 -> 0.1104781 | O17: =SUM(O8:O16) -> 574815.96 | P17: =O17/$D$17 -> 0.12007636
A19: Item | B19: Descrição | C19: MÊS 7 | E19: MÊS 8 | G19: MÊS 9 | I19: MÊS 10 | K19: MÊS 11 | M19: MÊS 12 | O19: TOTAL
C20: Valor | D20: % | E20: Valor | F20: % | G20: Valor | H20: % | I20: Valor | J20: % | K20: Valor | L20: % | M20: Valor | N20: % | O20: Valor
A21: 1 | B21: =B8 -> SERVIÇOS PRELIMINARES | C21: =$D8*D21 -> 0 | E21: =$D8*F21 -> 0 | G21: =$D8*H21 -> 0 | I21: =$D8*J21 -> 0 | K21: =$D8*L21 -> 0 | M21: =$D8*N21 -> 0 | O21: =E8+G8+I8+K8+M8+O8+C21+E21+G21+I21+K21+M21 -> 8817.1022
A22: 2 | B22: =B9 -> ADMINISTRAÇÃO LOCAL | C22: =$D9*D22 -> 16617.675 | D22: =P9 -> 0.083333333 | E22: =$D9*F22 -> 16617.675 | F22: =D22 -> 0.083333333 | G22: =$D9*H22 -> 16617.675 | H22: =F22 -> 0.083333333 | I22: =$D9*J22 -> 16617.675 | J22: =H22 -> 0.083333333 | K22: =$D9*L22 -> 16617.675 | L22: =J22 -> 0.083333333 | M22: =$D9*N22 -> 16617.675 | N22: =L22 -> 0.083333333 | O22: =E9+G9+I9+K9+M9+O9+C22+E22+G22+I22+K22+M22 -> 199412.1
A23: 3 | B23: =B10 -> FUNDAÇÕES | C23: =$D10*D23 -> 0 | E23: =$D10*F23 -> 0 | G23: =$D10*H23 -> 0 | I23: =$D10*J23 -> 0 | K23: =$D10*L23 -> 0 | M23: =$D10*N23 -> 0 | O23: =E10+G10+I10+K10+M10+O10+C23+E23+G23+I23+K23+M23 -> 688931.85
A24: 4 | B24: =B11 -> SUPRAESTRUTURA | C24: =$D11*D24 -> 123940.75 | D24: 0.25 | E24: =$D11*F24 -> 99152.602 | F24: 0.2 | G24: =$D11*H24 -> 0 | I24: =$D11*J24 -> 0 | K24: =$D11*L24 -> 0 | M24: =$D11*N24 -> 0 | O24: =E11+G11+I11+K11+M11+O11+C24+E24+G24+I24+K24+M24 -> 495763.01
A25: 5 | B25: =B12 -> ESTRUTURAS METÁLICAS | C25: =$D12*D25 -> 357956.24 | D25: 0.25 | E25: =$D12*F25 -> 286364.99 | F25: 0.2 | G25: =$D12*H25 -> 0 | I25: =$D12*J25 -> 0 | K25: =$D12*L25 -> 0 | M25: =$D12*N25 -> 0 | O25: =E12+G12+I12+K12+M12+O12+C25+E25+G25+I25+K25+M25 -> 1431824.9
A26: 6 | B26: =B13 -> INSTALAÇÕES ELÉTRICAS | C26: =$D13*D26 -> 85832.617 | D26: 0.15 | E26: =$D13*F26 -> 114443.49 | F26: 0.2 | G26: =$D13*H26 -> 57221.745 | H26: 0.1 | I26: =$D13*J26 -> 85832.617 | J26: 0.15 | K26: =$D13*L26 -> 57221.745 | L26: 0.1 | M26: =$D13*N26 -> 114443.49 | N26: 0.2 | O26: =E13+G13+I13+K13+M13+O13+C26+E26+G26+I26+K26+M26 -> 572217.45
A27: 7 | B27: =B14 -> INSTALAÇÕES HIDROSSANITÁRIAS | C27: =$D14*D27 -> 28619.327 | D27: 0.3 | E27: =$D14*F27 -> 28619.327 | F27: 0.3 | G27: =$D14*H27 -> 19079.551 | H27: 0.2 | I27: =$D14*J27 -> 0 | K27: =$D14*L27 -> 0 | M27: =$D14*N27 -> 0 | O27: =E14+G14+I14+K14+M14+O14+C27+E27+G27+I27+K27+M27 -> 95397.755
A28: 8 | B28: =B15 -> PISOS | C28: =$D15*D28 -> 0 | E28: =$D15*F28 -> 102549.34 | F28: 0.1 | G28: =$D15*H28 -> 153824.01 | H28: 0.15 | I28: =$D15*J28 -> 153824.01 | J28: 0.15 | K28: =$D15*L28 -> 153824.01 | L28: 0.15 | M28: =$D15*N28 -> 0 | O28: =E15+G15+I15+K15+M15+O15+C28+E28+G28+I28+K28+M28 -> 1025493.4
A29: 9 | B29: =B16 -> MOBILIÁRIO URBANO E PAISAGISMO | C29: =$D16*D29 -> 0 | E29: =$D16*F29 -> 0 | G29: =$D16*H29 -> 40384.41 | H29: 0.15 | I29: =$D16*J29 -> 40384.41 | J29: 0.15 | K29: =$D16*L29 -> 67307.351 | L29: 0.25 | M29: =$D16*N29 -> 121153.23 | N29: 0.45 | O29: =E16+G16+I16+K16+M16+O16+C29+E29+G29+I29+K29+M29 -> 269229.4
A30: TOTAL | C30: =SUM(C21:C29) -> 612966.61 | D30: =C30/$D$17 -> 0.12804585 | E30: =SUM(E21:E29) -> 647747.42 | F30: =E30/$D$17 -> 0.1353114 | G30: =SUM(G21:G29) -> 287127.39 | H30: =G30/$D$17 -> 0.059979564 | I30: =SUM(I21:I29) -> 296658.71 | J30: =I30/$D$17 -> 0.061970612 | K30: =SUM(K21:K29) -> 294970.78 | L30: =K30/$D$17 -> 0.061618011 | M30: =SUM(M21:M29) -> 252214.39 | N30: =M30/$D$17 -> 0.052686403 | O30: =SUM(O21:O29) -> 4787087
B32: =ORÇAMENTO!B652 -> Iraí/RS, 24 de março de 2026.
B41: Guilherme Zysko - CPF 029.862.320-00 | G41: Prefeitura Municipal de Iraí/RS
B42: Resp. Técnico CREA/RS 242.575

Sheet COTAÇÕES
A1: DOCUMENTO AUXILIAR DE COTAÇÕES DE MERCADO R03
A2: ORÇAMENTO ORLA DO RIO DO MEL IRAÍ/RS
A4: Cotação: | B4: 1
A5: Item: | B5: Pórtico de Entrada em conjunto de 3 chapas de aço 16mm, cortadas a laser e incluindo pintura automotiva
A6: Data: | B6: 46031
A7: Média | B7: =AVERAGE(B12:C12) -> 45363.23
A8: Fornecedor: | B8: 1 | C8: 2 | D8: 3
A9: Nome Fornec.: | B9: SK Estruturas Metálicas | C9: Hangar Engenharia LTDA
A10: CNPJ: | B10: 37.655.137/0001-94 | C10: 38.383.850/0001-99
A11: Telefone: | B11: (51)99959-6339 | C11: (51)98942-8438
A12: Preço: | B12: 31326.46 | C12: 59400
A13: Link: | B13: PDF Especifico | C13: PDF Especifico
A15: Cotação: | B15: 2
A16: Item: | B16: Mirante em Estrutura Metálica, com pilares e estrutura em aço laminado. Inclusive guarda corpo e fixações. Fornecimento e Instalação.
A17: Data: | B17: 46031
A18: Média | B18: =AVERAGE(B23:C23) -> 40016.362
A19: Fornecedor: | B19: 1 | C19: 2 | D19: 3
A20: Nome Fornec.: | B20: SK Estruturas Metálicas | C20: Hangar Engenharia LTDA
A21: CNPJ: | B21: 37.655.137/0001-94 | C21: 38.383.850/0001-99
A22: Telefone: | B22: (51)99959-6339 | C22: (51)98942-8438
A23: Preço: | B23: =96798.17/3 -> 32266.057 | C23: =143300/3 -> 47766.667
A24: Link: | B24: PDF Especifico | C24: PDF Especifico
A26: Cotação: | B26: 3
A27: Item: | B27: Alambrado 19,64m x 10,00 x 3,00 para quadra de vôlei, incluso tela e fixações. Fornecimento e Instalação.
A28: Data: | B28: 46031
A29: Único: | B29: =B34 -> 92400
A30: Fornecedor: | B30: 1 | C30: 2 | D30: 3
A31: Nome Fornec.: | B31: Hangar Engenharia LTDA
A32: CNPJ: | B32: 38.383.850/0001-99
A33: Telefone: | B33: (51)98942-8438
A34: Preço: | B34: 92400
A35: Link: | B35: PDF Especifico
A37: Cotação: | B37: 4
A38: Item: | B38: Alambrado 19,30m x 10,86 x 4,05 para quadra poliesportiva, incluso 4 portas de giro, tela e fixações. Fornecimento e Instalação.
A39: Data: | B39: 46031
A40: Único: | B40: =B45 -> 139700
A41: Fornecedor: | B41: 1 | C41: 2 | D41: 3
A42: Nome Fornec.: | B42: Hangar Engenharia LTDA
A43: CNPJ: | B43: 38.383.850/0001-99
A44: Telefone: | B44: (51)98942-8438
A45: Preço: | B45: 139700
A46: Link: | B46: PDF Especifico
A48: Cotação: | B48: 5
A49: Item: | B49: Estrutura metálica para rua coberta, em aço dobrado e tubos, incluso fixações. Fornecimento e Instalação.
A50: Data: | B50: 46031
A51: Média | B51: =AVERAGE(B56:C56) -> 342248.7
A52: Fornecedor: | B52: 1 | C52: 2 | D52: 3
A53: Nome Fornec.: | B53: SK Estruturas Metálicas | C53: Hangar Engenharia LTDA
A54: CNPJ: | B54: 37.655.137/0001-94 | C54: 38.383.850/0001-99
A55: Telefone: | B55: (51)99959-6339 | C55: (51)98942-8438
A56: Preço: | B56: 356447.4 | C56: 328050
A57: Link: | B57: PDF Especifico | C57: PDF Especifico
A59: Cotação: | B59: 6
A60: Item: | B60: Estrutura metálica para Concha Acústica (cobertura do palco), em perfis dobrados e tubos, incluindo com telhas metálicas onduladas curvas
A61: Data: | B61: 46031
A62: Média | B62: =AVERAGE(B67:C67) -> 112781.99
A63: Fornecedor: | B63: 1 | C63: 2 | D63: 3
A64: Nome Fornec.: | B64: SK Estruturas Metálicas | C64: Hangar Engenharia LTDA
A65: CNPJ: | B65: 37.655.137/0001-94 | C65: 38.383.850/0001-99
A66: Telefone: | B66: (51)99959-6339 | C66: (51)98942-8438
A67: Preço: | B67: 91363.98 | C67: 134200
A68: Link: | B68: PDF Especifico | C68: PDF Especifico
A70: Cotação: | B70: 7
A71: Item: | B71: Painel de Homenagem com medidas 8,00m x 3,14m, em chapa de aço A36 12.7mm, corte a laser, com pintura automotiva, inclusive estrutura de fixação. Fornecimento e Instalação.
A72: Data: | B72: 46031
A73: Único: | B73: =B78 -> 95140
A74: Fornecedor: | B74: 1 | C74: 2 | D74: 3
A75: Nome Fornec.: | B75: Hangar Engenharia LTDA
A76: CNPJ: | B76: 38.383.850/0001-99
A77: Telefone: | B77: (51)98942-8438
A78: Preço: | B78: 95140
A79: Link: | B79: PDF Especifico
A81: Cotação: | B81: 10
A82: Item: | B82: Bico Geiser 50mm 2"
A83: Data: | B83: 46013
A84: Mediana: | B84: =C89 -> 183.22
A85: Fornecedor: | B85: 1 | C85: 2 | D85: 3
A86: Nome Fornec.: | B86: Sodramar Indústria e Comércio ltda | C86: Mérito Comércio de Equipamentos Ltda | D86: Equibombas Piscinas e Saunas Ltda
A87: CNPJ: | B87: 51.333.797/0001-80 | C87: 01.582.892/0001-49 | D87: 01.357.690/0001-01
A88: Telefone: | B88: (11) 2391-1236 | C88: (11) 3055-7600 | D88: (11) 5031-9199
A89: Preço: | B89: 266.49 | C89: 183.22 | D89: 178
A90: Link: | B90: https://loja.sodramar.com.br/produto/1979609/bico-geiser-50mm-2?gad_source=1&gad_campaignid=17182810774&gbraid=0AAAAAD-nd4-fFxjmujUr_uk0hKxR5vbN7&gclid=CjwKCAiA9aPKBhBhEiwAyz82J7DO-1pMZivsIlNzHWvqFGamK77Fm32NIM9PtsQJF7D-GPytR18GXxoCceoQAvD_BwE | C90: https://www.meritocomercial.com.br/bico-para-fonte-geiser-sodramar-50mm-2-polegadas-inox-entrada-de-rosca-3-4-bsp-5001001004727-p1086483?srsltid=AfmBOoo9uIyfWskbWT46pDXir0Y_DFtWUWRNM9aNRHY71aalt3mJgn2f | D90: https://equibombas.com.br/produto/1307438/bico-geiser-aco-inox---pooltec?gad_source=1&gad_campaignid=21295107721&gbraid=0AAAAAqxCNpG04TcUbyH68WhBEWu1LGiOU&gclid=CjwKCAiA9aPKBhBhEiwAyz82J2A0qt_yGYsN0hS-CCnS45y2LB20OQCxJJKIe475PMAE_jSns-UPahoCuxkQAvD_BwE
A92: Cotação: | B92: 11
A93: Item: | B93: Tomada A Prova D'agua Tempo Tripla 10a Embutida 4x2 Kalop
A94: Data: | B94: 46013
A95: Mediana: | B95: =B100 -> 119.9
A96: Fornecedor: | B96: 1 | C96: 2 | D96: 3
A97: Nome Fornec.: | B97: Ebazar.com.br LTDA | C97: Ebazar.com.br LTDA | D97: Shopee
A98: CNPJ: | B98: 03.007.331/0001-41 | C98: 03.007.331/0001-41 | D98: -
A99: Telefone: | B99: 0300 733 1001 | C99: 0300 733 1001 | D99: -
A100: Preço: | B100: 119.9 | C100: 123.9 | D100: 97.71
A101: Link: | B101: https://casanostra.mercadoshops.com.br/tomada-tripla-10a-embutir-prova-dagua-branca-externa-kalop/p/MLB22723519 | C101: https://produto.mercadolivre.com.br/MLB-3541394405-tomada-tripla-br10a-vm20a-prova-dagua-ip55-embutir-kalop-_JM#origin%3Dshare%26sid%3Dshare | D101: https://shopee.com.br/dalumautilidades/2279713386
A103: Cotação: | B103: 12
A104: Item: | B104: Tomada Industrial Não Metálica Sobrepor Fêmea Tripolar Terra 16A 380/440V Vermelha N4006 Steck
A105: Data: | B105: 46013
A106: Mediana: | B106: =D111 -> 53.1
A107: Fornecedor: | B107: 1 | C107: 2 | D107: 3
A108: Nome Fornec.: | B108: PJNeblina - Loja Materiais Elétricos | C108: Dimensional Brasil Soluções Ltda. | D108: LF Comercial de Bens LTDA
A109: CNPJ: | B109: 57.158.057/0001-30 | C109: 06.913.480/0026-16 | D109: 91.845.735/0004-14
A110: Telefone: | B110: (11) 97320-9409 | C110: (19) 3446-7400 | D110: (51) 3103-0100
...

Sheet CURVA ABC
B1: ORÇAMENTO NOVA ORLA DO RIO DO MEL IRAÍ/RS | G1: R:03
B2: SINAPI/RS - SETEMBRO DE 2025 - COM ENCARGOS SOCIAIS E COM DESONERAÇÃO | G2: 46105
D3: CURVA ABC
A4: Ranking | B4: Item no Orçamento | C4: Descrição Simplificada | D4: Quantidade | E4: Preço Unitário (com BDI) (R$) | F4: Preço Total (R$) | G4: Participação Individual (%) | H4: Percentual Acumulado (%) | I4: Classificação ABC
A5: 1 | B5: 5.6.1 | C5: Estrutura metálica para rua coberta, em aço dobrado e tubos, incluso fixações. Fornecimento e Instalação. | D5: 1 | E5: 421924.2 | F5: 421924.2 | G5: =F5/$F$572 -> 0.088137984 | H5: =G5 -> 0.088137984 | I5: =IF(H5<=0.8,"A",IF(H5<=0.95,"B","C")) -> A
A6: 2 | B6: 8.1.2 | C6: EXECUÇÃO DE PAVIMENTO EM PISO INTERTRAVADO, COM BLOCO SEXTAVADO DE 25 X 25 CM, ESPESSURA 8 CM. AF_10/2022 | D6: 3400 | E6: 113.0494 | F6: 384367.95 | G6: =F6/$F$572 -> 0.08029266 | H6: =G6+H5 -> 0.16843064 | I6: =IF(H6<=0.8,"A",IF(H6<=0.95,"B","C")) -> A
A7: 3 | B7: 5.4.1 | C7: Alambrado 19,30m x 10,86 x 4,05 para quadra poliesportiva, incluso 4 portas de giro, tela e fixações. Fornecimento e Instalação. | D7: 1 | E7: 172222.16 | F7: 172222.16 | G7: =F7/$F$572 -> 0.035976401 | H7: =G7+H6 -> 0.20440704 | I7: =IF(H7<=0.8,"A",IF(H7<=0.95,"B","C")) -> A
A8: 4 | B8: 8.7.1 | C8: PINTURA DE PISO COM TINTA EPÓXI, APLICAÇÃO MANUAL, 2 DEMÃOS, INCLUSO PRIMER EPÓXI. AF_05/2021. CICLOVIA | D8: 1824 | E8: 84.411717 | F8: 153966.97 | G8: =F8/$F$572 -> 0.032162978 | H8: =G8+H7 -> 0.23657002 | I8: =IF(H8<=0.8,"A",IF(H8<=0.95,"B","C")) -> A
A9: 5 | B9: 5.2.1 | C9: Mirante em Estrutura Metálica, com pilares e estrutura em aço laminado. Inclusive guarda corpo e fixações. Fornecimento e Instalação. | D9: 3 | E9: 49332.171 | F9: 147996.51 | G9: =F9/$F$572 -> 0.030915777 | H9: =G9+H8 -> 0.2674858 | I9: =IF(H9<=0.8,"A",IF(H9<=0.95,"B","C")) -> A
A10: 6 | B10: 5.7.1 | C10: Estrutura metálica para Concha Acústica (cobertura do palco), em perfis dobrados e tubos, incluindo com telhas metálicas onduladas curvas | D10: 1 | E10: 139037.64 | F10: 139037.64 | G10: =F10/$F$572 -> 0.02904431 | H10: =G10+H9 -> 0.29653011 | I10: =IF(H10<=0.8,"A",IF(H10<=0.95,"B","C")) -> A
A11: 7 | B11: 9.1.1 | C11: GUARDA-CORPO DE AÇO GALVANIZADO DE 1,10M, MONTANTES TUBULARES DE 1.1/4" ESPAÇADOS DE 1,20M, TRAVESSA SUPERIOR DE 1.1/2", GRADIL FORMADO POR TUBOS HORIZONTAIS DE 1" E VERTICAIS DE 3/4", FIXADO COM CHUMBADOR MECÂNICO. AF_04/2019_PS | D11: 175.9 | E11: 724.01157 | F11: 127353.64 | G11: =F11/$F$572 -> 0.026603577 | H11: =G11+H10 -> 0.32313369 | I11: =IF(H11<=0.8,"A",IF(H11<=0.95,"B","C")) -> A
A12: 8 | B12: 5.8.1 | C12: Painel de Homenagem com medidas 8,00m x 3,14m, em chapa de aço A36 12.7mm, corte a laser, com pintura automotiva, inclusive estrutura de fixação. Fornecimento e Instalação. | D12: 1 | E12: 117288.59 | F12: 117288.59 | G12: =F12/$F$572 -> 0.024501036 | H12: =G12+H11 -> 0.34763472 | I12: =IF(H12<=0.8,"A",IF(H12<=0.95,"B","C")) -> A
A13: 9 | B13: 5.3.1 | C13: Alambrado 19,64m x 10,00 x 3,00 para quadra de vôlei, incluso tela e fixações. Fornecimento e Instalação. | D13: 1 | E13: 113910.72 | F13: 113910.72 | G13: =F13/$F$572 -> 0.023795415 | H13: =G13+H12 -> 0.37143014 | I13: =IF(H13<=0.8,"A",IF(H13<=0.95,"B","C")) -> A
A14: 10 | B14: 8.7.9 | C14: EXECUÇÃO DE PISO INDUSTRIAL DE CONCRETO ARMADO, FCK = 20 MPA, ESPESSURA DE 20,0 CM. AF_04/2022 | D14: 408.22 | E14: 263.22746 | F14: 107454.71 | G14: =F14/$F$572 -> 0.022446785 | H14: =G14+H13 -> 0.39387692 | I14: =IF(H14<=0.8,"A",IF(H14<=0.95,"B","C")) -> A
A15: 11 | B15: 2.1 | C15: ENGENHEIRO CIVIL DE OBRA JUNIOR COM ENCARGOS COMPLEMENTARES | D15: 720 | E15: 144.48954 | F15: 104032.47 | G15: =F15/$F$572 -> 0.021731894 | H15: =G15+H14 -> 0.41560882 | I15: =IF(H15<=0.8,"A",IF(H15<=0.95,"B","C")) -> A
A16: 12 | B16: 8.7.3 | C16: PINTURA DE FAIXA DE PEDESTRE OU ZEBRADA COM TINTA EPÓXI, E = 30 CM, APLICAÇÃO MANUAL. AF_05/2021 | D16: 1610.05 | E16: 58.816888 | F16: 94698.131 | G16: =F16/$F$572 -> 0.019781995 | H16: =G16+H15 -> 0.43539081 | I16: =IF(H16<=0.8,"A",IF(H16<=0.95,"B","C")) -> A
A17: 13 | B17: 3.12.3 | C17: RAMPA DE ACESSIBILIDADE PARA ACESSO A EDIFICAÇÕES COM INCLINAÇÃO DE 8,33% EM CONCRETO MOLDADO IN LOCO, COM LARGURA DE 1,20M, FCK 25MPA, NÃO ARMADA, COM JUNTA A CADA 2M COM CORTE À SECO. AF_03/2024. INLCUSIVE GUARDA-CORPO DE AÇO GALVANIZADO DE 1,10M, MONTANTES TUBULARES DE 1.1/4" ESPAÇADOS DE 1,20M, TRAVESSA SUPERIOR DE 1.1/2", GRADIL FORMADO POR TUBOS HORIZONTAIS DE 1" E VERTICAIS DE 3/4", FIXADO COM CHUMBADOR MECÂNICO. | D17: 55.2 | E17: 1685.607 | F17: 93045.508 | G17: =F17/$F$572 -> 0.01943677 | H17: =G17+H16 -> 0.45482758 | I17: =IF(H17<=0.8,"A",IF(H17<=0.95,"B","C")) -> A
... A571: 567 | B571: 7.2.6 | C571: ADAPTADOR CURTO COM BOLSA E ROSCA PARA REGISTRO, PVC, SOLDÁVEL, DN 20MM X 1/2, INSTALADO EM RAMAL OU SUB-RAMAL DE ÁGUA - FORNECIMENTO E INSTALAÇÃO. AF_06/2022 | D571: 1 | E571: 7.494089 | F571: 7.494089 | G571: =F571/$F$572 -> 1.56548e-06 | H571: =G571+H570 -> 1 | I571: =IF(H571<=0.8,"A",IF(H571<=0.95,"B","C")) -> C
E572: TOTAL GERAL | F572: =SUM(F5:F571) -> 4787087
A575: CLASSE | B575: CORTE | C575: PROPORÇÃO DE ITENS | D575: PROPORÇÃO DE VALOR
A576: A | B576: 0.8 | C576: =COUNTIF($I$5:$I$571,A576)/COUNTA($I$5:$I$571) -> 0.12169312 | D576: =SUMIF($I$5:$I$571,A576,$G$5:$G$571) -> 0.79936039
A577: B | B577: 0.95 | C577: =COUNTIF($I$5:$I$571,A577)/COUNTA($I$5:$I$571) -> 0.2292769 | D577: =SUMIF($I$5:$I$571,A577,$G$5:$G$571) -> 0.15020991
A578: C | B578: 1 | C578: =COUNTIF($I$5:$I$571,A578)/COUNTA($I$5:$I$571) -> 0.64902998 | D578: =SUMIF($I$5:$I$571,A578,$G$5:$G$571) -> 0.0504297
B589: Iraí/RS, 24 de março de 2026.
C600: Guilherme Zysko - CPF 029.862.320-00 | F600: Prefeitura Municipal de Iraí/RS
C601: Resp. Técnico CREA/RS 242.575

Sheet ORÇAMENTO (2)
A1: Item | B1: Descrição | C1: Quantidade | D1: Preço Unitário (com BDI) (R$) | E1: Preço Total (R$)
A2: 5.6.1 | B2: Estrutura metálica para rua coberta, em aço dobrado e tubos, incluso fixações. Fornecimento e Instalação. | C2: 1 | D2: 421924.2 | E2: 421924.2
A3: 8.1.2 | B3: EXECUÇÃO DE PAVIMENTO EM PISO INTERTRAVADO, COM BLOCO SEXTAVADO DE 25 X 25 CM, ESPESSURA 8 CM. AF_10/2022 | C3: 3400 | D3: 113.0494 | E3: 384367.95
A4: 5.4.1 | B4: Alambrado 19,30m x 10,86 x 4,05 para quadra poliesportiva, incluso 4 portas de giro, tela e fixações. Fornecimento e Instalação. | C4: 1 | D4: 172222.16 | E4: 172222.16
A5: 8.7.1 | B5: PINTURA DE PISO COM TINTA EPÓXI, APLICAÇÃO MANUAL, 2 DEMÃOS, INCLUSO PRIMER EPÓXI. AF_05/2021. CICLOVIA | C5: 1824 | D5: 84.411717 | E5: 153966.97
A6: 5.2.1 | B6: Mirante em Estrutura Metálica, com pilares e estrutura em aço laminado. Inclusive guarda corpo e fixações. Fornecimento e Instalação. | C6: 3 | D6: 49332.171 | E6: 147996.51
A7: 5.7.1 | B7: Estrutura metálica para Concha Acústica (cobertura do palco), em perfis dobrados e tubos, incluindo com telhas metálicas onduladas curvas | C7: 1 | D7: 139037.64 | E7: 139037.64
A8: 9.1.1 | B8: GUARDA-CORPO DE AÇO GALVANIZADO DE 1,10M, MONTANTES TUBULARES DE 1.1/4" ESPAÇADOS DE 1,20M, TRAVESSA SUPERIOR DE 1.1/2", GRADIL FORMADO POR TUBOS HORIZONTAIS DE 1" E VERTICAIS DE 3/4", FIXADO COM CHUMBADOR MECÂNICO. AF_04/2019_PS | C8: 175.9 | D8: 724.01157 | E8: 127353.64
A9: 5.8.1 | B9: Painel de Homenagem com medidas 8,00m x 3,14m, em chapa de aço A36 12.7mm, corte a laser, com pintura automotiva, inclusive estrutura de fixação. Fornecimento e Instalação. | C9: 1 | D9: 117288.59 | E9: 117288.59
A10: 5.3.1 | B10: Alambrado 19,64m x 10,00 x 3,00 para quadra de vôlei, incluso tela e fixações. Fornecimento e Instalação. | C10: 1 | D10: 113910.72 | E10: 113910.72
A11: 8.7.9 | B11: EXECUÇÃO DE PISO INDUSTRIAL DE CONCRETO ARMADO, FCK = 20 MPA, ESPESSURA DE 20,0 CM. AF_04/2022 | C11: 408.22 | D11: 263.22746 | E11: 107454.71
A12: 2.1 | B12: ENGENHEIRO CIVIL DE OBRA JUNIOR COM ENCARGOS COMPLEMENTARES | C12: 720 | D12: 144.48954 | E12: 104032.47
A13: 8.7.3 | B13: PINTURA DE FAIXA DE PEDESTRE OU ZEBRADA COM TINTA EPÓXI, E = 30 CM, APLICAÇÃO MANUAL. AF_05/2021 | C13: 1610.05 | D13: 58.816888 | E13: 94698.131
... A568: 7.2.6 | B568: ADAPTADOR CURTO COM BOLSA E ROSCA PARA REGISTRO, PVC, SOLDÁVEL, DN 20MM X 1/2, INSTALADO EM RAMAL OU SUB-RAMAL DE ÁGUA - FORNECIMENTO E INSTALAÇÃO. AF_06/2022 | C568: 1 | D568: 7.494089 | E568: 7.494089

Sheet % MDO
A1: SINAPI - Sistema Nacional de Pesquisa de Custos e Índices da Construção Civil
A2: RELATÓRIO DE PORCENTAGEM DE MÃO DE OBRA EM COMPOSIÇÕES - COM DESONERAÇÃO
A3: Mês de Referência: | B3: 09/2025
A4: Data de emissão: | B4: 10/10/2025
A6: Grupo | B6: Código da Composição | C6: Descrição | D6: Unidade | E6: RS
A7: Acessibilidade | B7: 104658 | C7: PISO PODOTÁTIL DE ALERTA OU DIRECIONAL, DE CONCRETO, ASSENTADO SOBRE ARGAMASSA. AF_03/2024 | D7: M2 | E7: 0.3061
A8: Acessibilidade | B8: 105002 | C8: RAMPA DE ACESSIBILIDADE EM CONCRETO MOLDADO IN LOCO, EM CALÇADA NOVA COM LARGURA MAIOR OU IGUAL À 3,00 M, FCK 25MPA, COM PISO PODOTÁTIL. AF_03/2024 | D8: UN | E8: 0.4737
A9: Acessibilidade | B9: 105004 | C9: RAMPA DE ACESSIBILIDADE EM CONCRETO MOLDADO IN LOCO, EM CALÇADA NOVA COM LARGURA MENOR À 3,00 M, FCK 25MPA, COM PISO PODOTÁTIL. AF_03/2024 | D9: M2 | E9: 0.4776
A10: Acessibilidade | B10: 105003 | C10: RAMPA DE ACESSIBILIDADE EM CONCRETO MOLDADO IN LOCO, EM CALÇADA PRÉ EXISTENTE COM LARGURA MAIOR OU IGUAL À 3,00 M, FCK 25MPA, COM PISO PODOTÁTIL. AF_03/2024 | D10: UN | E10: 0.6027
A11: Acessibilidade | B11: 105005 | C11: RAMPA DE ACESSIBILIDADE EM CONCRETO MOLDADO IN LOCO, EM CALÇADA PRÉ EXISTENTE COM LARGURA MENOR À 3,00 M, FCK 25MPA, COM PISO PODOTÁTIL. AF_03/2024 | D11: M2 | E11: 0.6108
A12: Acessibilidade | B12: 105000 | C12: RAMPA DE ACESSIBILIDADE PARA ACESSO A EDIFICAÇÕES COM INCLINAÇÃO DE 8,33% EM CONCRETO MOLDADO IN LOCO, COM LARGURA DE 1,20M, FCK 25MPA, NÃO ARMADA, COM JUNTA A CADA 2M COM CORTE À SECO. AF_03/2024 | D12: M | E12: 0.4063
A13: Acessibilidade | B13: 105001 | C13: RAMPA DE ACESSIBILIDADE PARA ACESSO A EDIFICAÇÕES COM INCLINAÇÃO DE 8,33% EM CONCRETO MOLDADO IN LOCO, COM LARGURA DE 1,50M, FCK 25MPA, NÃO ARMADA, COM JUNTA A CADA 2M COM CORTE À SECO. AF_03/2024 | D13: M | E13: 0.4007
A14: Alvenaria Estrutural - Blocos Cerâmicos | B14: 89306 | C14: ALVENARIA ESTRUTURAL DE BLOCOS CERÂMICOS 14X19X29, (ESPESSURA DE 14 CM), UTILIZANDO COLHER DE PEDREIRO E ARGAMASSA DE ASSENTAMENTO COM PREPARO EM BETONEIRA. AF_03/2023 | D14: M2 | E14: 0.5046
A15: Alvenaria Estrutural - Blocos Cerâmicos | B15: 89307 | C15: ALVENARIA ESTRUTURAL DE BLOCOS CERÂMICOS 14X19X29, (ESPESSURA DE 14 CM), UTILIZANDO COLHER DE PEDREIRO E ARGAMASSA DE ASSENTAMENTO COM PREPARO MANUAL. AF_03/2023 | D15: M2 | E15: 0.5128
A16: Alvenaria Estrutural - Blocos Cerâmicos | B16: 89290 | C16: ALVENARIA ESTRUTURAL DE BLOCOS CERÂMICOS 14X19X29, (ESPESSURA DE 14 CM), UTILIZANDO PALHETA E ARGAMASSA DE ASSENTAMENTO COM PREPARO EM BETONEIRA. AF_03/2023 | D16: M2 | E16: 0.4349
A17: Alvenaria Estrutural - Blocos Cerâmicos | B17: 89291 | C17: ALVENARIA ESTRUTURAL DE BLOCOS CERÂMICOS 14X19X29, (ESPESSURA DE 14 CM), UTILIZANDO PALHETA E ARGAMASSA DE ASSENTAMENTO COM PREPARO MANUAL. AF_03/2023 | D17: M2 | E17: 0.4431
A18: Alvenaria Estrutural - Blocos Cerâmicos | B18: 89298 | C18: ALVENARIA ESTRUTURAL DE BLOCOS CERÂMICOS 14X19X39, (ESPESSURA DE 14 CM), UTILIZANDO COLHER DE PEDREIRO E ARGAMASSA DE ASSENTAMENTO COM PREPARO EM BETONEIRA. AF_03/2023 | D18: M2 | E18: 0.4309
... A7964: Válvulas e Registros para Sistemas Prediais | B7964: 103017 | C7964: VÁLVULA DE RETENÇÃO, DE BRONZE, PÉ COM CRIVOS, ROSCÁVEL, 4" - FORNECIMENTO E INSTALAÇÃO. AF_08/2021 | D7964: UN | E7964: 0.0174
